Workbook

Sheet Table Guide
A1: Information included in this document
A2: This document contains a series of tables which provide the final estimates of overnight trips taken in Wales by GB residents. The tables include estimates for the number of overnight trips taken, the number of nights stayed and an estimate of expenditure during these trips. There are five separate worksheets which contain tables with estimates for each of the main purposes of trip. These worksheets are labelled as Total Trips, Holiday Trips, Visits to Friends and Relatives, Business Trips and Miscellaneous Trips. Each worksheet contains one table with estimates of Trips, Nights and Expenditure in Wales for 2022 for each purpose of trip. Each table is presented in a similar format with separate columns containing estimates for Trips, Nights and Expenditure. In each table, there is a separate column labelled Base Size which provides the number of survey responses where an eligible visit is reported. Users are advised to note the base size for each estimate, as this will impact the robustness and reliability of the estimate. Further guidance on bases sizes is provided below. Each table also includes estimates for various standard cross breaks of the data including trip characteristics and visitor demographics. Further information on each crossbreak is provided below.
A3: Time Coverage
A4: The estimates in this document are for the full calendar year 2022 from 1 January to 31 December inclusive. | C4: To update per document
A5: Statistical Population
A6: The statistical population for estimates in this document is adults aged 16 years or over who are resident in England, Scotland or Wales. The survey also collects details of any children who accompany an adult on an overnight trip and these are included in the estimated grossed-up figures for trips, nights and spend. The demographic data in the tables is based on the respondent rather than those in the trip party.
A7: Sample Size Guidance
A8: Base sizes for each of the estimates is included in a separate column of each table. Base sizes refer to the number of reported trips. Some of these base sizes are low. If the base size is less than 30 it is not recommended to use this data. If the base size is between 30 and 100, it is recommended to only use the estimates as indicative. Low base sizes are colour coded in the tables with base sizes less than 30 shown with dark orange fill and base sizes between 30 and 100 with light orange fill. Some estimates in the tables are marked as unspecified. This is due to a small number of trips that did not provide any detailed information. Respondents are asked about up to 10 trips, but the number of trips asked about in detail is limited to 3.
A9: How to find tables for Wales | C9: Update by nation
A10: To view the tables for each purpose of trip for Wales, click on the Worksheet Tabs located at the bottom of this document which are labelled by main purpose of trip.
A11: How to find tables for GB, England and Scotland
A12: There are separate tables with estimates for overnight trips taken in GB as whole by GB residents published on the Visit Britain website (link). Tables for overnight trips taken in England and Scotland are published by VisitEngland and VisitScotland. | C12: Update by nation
A13: How to find tables for regions and local authority areas in Wales
A14: Tables with estimates of overnight trips taken in the four main regions and 22 Local Authority Areas in Wales will be published separately by Welsh Government. These will use estimates aggregated over multiple years, as the number of survey responses with eligible trips to specific regions and Local Authority Areas are often low at an annual level. | D14: Check
A15: How to find published reports
A16: Reports containing the estimates included in these tables along with commentary and trend analysis are published on the VisitWales website on a quarterly and annual basis (provide links). | C16: link
A17: How to find information on research methodology
A18: A Background Quality Report is published on VisitWales Website (link) with details on research methodology, quality assurance, estimation method and the questionnaire used. | C18: link
A19: How to Use The Tables
A20: Symbols used in tables
A21: [m]. This symbol indicates the data item is a multicoded response. Respondents could select several responses in their answer, therefore the numbers may not add up to the total or equal 100%
A22: [z]. This symbol indicates the data item is not applicable
A23: [x]. This symbol indicates the data item is not available
A24: [r]. This symbol indicates the data item has been revised since the initial publication
A25: Freeze panes
A26: Some rows have freeze panes applied. To turn off freeze frames click View, then click Window, and then click Unfreeze Panes. Alternatively click the View tab in the ribbon, then click the Freeze Panes button in the Window button group, and then choose the Unfreeze Panes command from the drop down menu.
A27: Purpose of trips reported in each worksheet
A28: Total Trips. This includes estimates of trips, nights and spend in Wales on all overnight trip types for all eligible purposes.
A29: Holiday Trips. The main purpose of the trip was for holiday, pleasure or leisure.
A30: Visiting Friends or Relatives. The main purpose of the trip was for visiting friends and relatives.
... A77: SPEND BREAKDOWN. The total amount spent on the specified items. The percentage spend breakdown is calculated as the proportion of total spend accounted for by the expenditure item. Spend is nominal and has not been adjusted for inflation.

Sheet Table of contents
A1: Wales Overnight Trips (GBTS) 2022 Annual Tables: Table of Contents
A2: Table Title | B2: Total Trips | C2: Holiday Trips | D2: Visits to Friends or Relatives | E2: Business | F2: Miscellaneous
A3: Total trips | B3: =HYPERLINK("#'"&Hyperlink!A$2&"'!"&Hyperlink!$A4, "Total Wales Trips") -> Total Wales Trips | C3: =HYPERLINK("#'"&Hyperlink!B$2&"'!"&Hyperlink!$B4, "Wales Holidays") -> Wales Holidays | D3: =HYPERLINK("#'"&Hyperlink!C$2&"'!"&Hyperlink!$C4, "Wales Visit Friends or Relatives") -> Wales Visit Friends or Relatives | E3: =HYPERLINK("#'"&Hyperlink!D$2&"'!"&Hyperlink!$D4, "Wales Business") -> Wales Business | F3: =HYPERLINK("#'"&Hyperlink!E$2&"'!"&Hyperlink!$E4, "Wales Miscellaneous") -> Wales Miscellaneous | H3: A4 | I3: A4 | J3: A4 | K3: A4 | L3: A4
A4: Quarter trip taken | B4: =HYPERLINK("#'"&Hyperlink!A$2&"'!"&Hyperlink!$A5, "Total Wales Trips") -> Total Wales Trips | C4: =HYPERLINK("#'"&Hyperlink!B$2&"'!"&Hyperlink!$B5, "Wales Holidays") -> Wales Holidays | D4: =HYPERLINK("#'"&Hyperlink!C$2&"'!"&Hyperlink!$C5, "Wales Visit Friends or Relatives") -> Wales Visit Friends or Relatives | E4: =HYPERLINK("#'"&Hyperlink!D$2&"'!"&Hyperlink!$D5, "Wales Business") -> Wales Business | F4: =HYPERLINK("#'"&Hyperlink!E$2&"'!"&Hyperlink!$E5, "Wales Miscellaneous") -> Wales Miscellaneous | H4: A25 | I4: A8 | J4: A10 | K4: A11 | L4: A11
A5: Region visited overnight | B5: =HYPERLINK("#'"&Hyperlink!A$2&"'!"&Hyperlink!$A6, "Total Wales Trips") -> Total Wales Trips | C5: =HYPERLINK("#'"&Hyperlink!B$2&"'!"&Hyperlink!$B6, "Wales Holidays") -> Wales Holidays | D5: =HYPERLINK("#'"&Hyperlink!C$2&"'!"&Hyperlink!$C6, "Wales Visit Friends or Relatives") -> Wales Visit Friends or Relatives | E5: =HYPERLINK("#'"&Hyperlink!D$2&"'!"&Hyperlink!$D6, "Wales Business") -> Wales Business | F5: =HYPERLINK("#'"&Hyperlink!E$2&"'!"&Hyperlink!$E6, "Wales Miscellaneous") -> Wales Miscellaneous | H5: A30 | I5: A13 | J5: A15 | K5: A16 | L5: A16
A6: Location type of main place visited overnight | B6: =HYPERLINK("#'"&Hyperlink!A$2&"'!"&Hyperlink!$A7, "Total Wales Trips") -> Total Wales Trips | C6: =HYPERLINK("#'"&Hyperlink!B$2&"'!"&Hyperlink!$B7, "Wales Holidays") -> Wales Holidays | D6: =HYPERLINK("#'"&Hyperlink!C$2&"'!"&Hyperlink!$C7, "Wales Visit Friends or Relatives") -> Wales Visit Friends or Relatives | E6: =HYPERLINK("#'"&Hyperlink!D$2&"'!"&Hyperlink!$D7, "Wales Business") -> Wales Business | F6: =HYPERLINK("#'"&Hyperlink!E$2&"'!"&Hyperlink!$E7, "Wales Miscellaneous") -> Wales Miscellaneous | H6: A38 | I6: A21 | J6: A23 | K6: A24 | L6: A24
A7: Region of residence | B7: =HYPERLINK("#'"&Hyperlink!A$2&"'!"&Hyperlink!$A8, "Total Wales Trips") -> Total Wales Trips | C7: =HYPERLINK("#'"&Hyperlink!B$2&"'!"&Hyperlink!$B8, "Wales Holidays") -> Wales Holidays | D7: =HYPERLINK("#'"&Hyperlink!C$2&"'!"&Hyperlink!$C8, "Wales Visit Friends or Relatives") -> Wales Visit Friends or Relatives | E7: =HYPERLINK("#'"&Hyperlink!D$2&"'!"&Hyperlink!$D8, "Wales Business") -> Wales Business | F7: =HYPERLINK("#'"&Hyperlink!E$2&"'!"&Hyperlink!$E8, "Wales Miscellaneous") -> Wales Miscellaneous | H7: A44 | I7: A27 | J7: A29 | K7: A30 | L7: A30
A8: Duration of trip | B8: =HYPERLINK("#'"&Hyperlink!A$2&"'!"&Hyperlink!$A9, "Total Wales Trips") -> Total Wales Trips | C8: =HYPERLINK("#'"&Hyperlink!B$2&"'!"&Hyperlink!$B9, "Wales Holidays") -> Wales Holidays | D8: =HYPERLINK("#'"&Hyperlink!C$2&"'!"&Hyperlink!$C9, "Wales Visit Friends or Relatives") -> Wales Visit Friends or Relatives | E8: =HYPERLINK("#'"&Hyperlink!D$2&"'!"&Hyperlink!$D9, "Wales Business") -> Wales Business | F8: =HYPERLINK("#'"&Hyperlink!E$2&"'!"&Hyperlink!$E9, "Wales Miscellaneous") -> Wales Miscellaneous | H8: A59 | I8: A42 | J8: A44 | K8: A45 | L8: A45
A9: ACTIVITIES UNDERTAKEN ON TRIP [m] | B9: =HYPERLINK("#'"&Hyperlink!A$2&"'!"&Hyperlink!$A10, "Total Wales Trips") -> Total Wales Trips | C9: =HYPERLINK("#'"&Hyperlink!B$2&"'!"&Hyperlink!$B10, "Wales Holidays") -> Wales Holidays | D9: =HYPERLINK("#'"&Hyperlink!C$2&"'!"&Hyperlink!$C10, "Wales Visit Friends or Relatives") -> Wales Visit Friends or Relatives | E9: =HYPERLINK("#'"&Hyperlink!D$2&"'!"&Hyperlink!$D10, "Wales Business") -> Wales Business | F9: =HYPERLINK("#'"&Hyperlink!E$2&"'!"&Hyperlink!$E10, "Wales Miscellaneous") -> Wales Miscellaneous | H9: A64 | I9: A47 | J9: A49 | K9: A50 | L9: A50
A10: Accommodation used | B10: =HYPERLINK("#'"&Hyperlink!A$2&"'!"&Hyperlink!$A11, "Total Wales Trips") -> Total Wales Trips | C10: =HYPERLINK("#'"&Hyperlink!B$2&"'!"&Hyperlink!$B11, "Wales Holidays") -> Wales Holidays | D10: =HYPERLINK("#'"&Hyperlink!C$2&"'!"&Hyperlink!$C11, "Wales Visit Friends or Relatives") -> Wales Visit Friends or Relatives | E10: =HYPERLINK("#'"&Hyperlink!D$2&"'!"&Hyperlink!$D11, "Wales Business") -> Wales Business | F10: =HYPERLINK("#'"&Hyperlink!E$2&"'!"&Hyperlink!$E11, "Wales Miscellaneous") -> Wales Miscellaneous | H10: A79 | I10: A62 | J10: A64 | K10: A65 | L10: A65
A11: TRANSPORT USED FOR TRAVEL TO MAIN DESTINATION [m] | B11: =HYPERLINK("#'"&Hyperlink!A$2&"'!"&Hyperlink!$A12, "Total Wales Trips") -> Total Wales Trips | C11: =HYPERLINK("#'"&Hyperlink!B$2&"'!"&Hyperlink!$B12, "Wales Holidays") -> Wales Holidays | D11: =HYPERLINK("#'"&Hyperlink!C$2&"'!"&Hyperlink!$C12, "Wales Visit Friends or Relatives") -> Wales Visit Friends or Relatives | E11: =HYPERLINK("#'"&Hyperlink!D$2&"'!"&Hyperlink!$D12, "Wales Business") -> Wales Business | F11: =HYPERLINK("#'"&Hyperlink!E$2&"'!"&Hyperlink!$E12, "Wales Miscellaneous") -> Wales Miscellaneous | H11: A86 | I11: A69 | J11: A71 | K11: A72 | L11: A72
A12: Trip part of package | B12: =HYPERLINK("#'"&Hyperlink!A$2&"'!"&Hyperlink!$A13, "Total Wales Trips") -> Total Wales Trips | C12: =HYPERLINK("#'"&Hyperlink!B$2&"'!"&Hyperlink!$B13, "Wales Holidays") -> Wales Holidays | D12: =HYPERLINK("#'"&Hyperlink!C$2&"'!"&Hyperlink!$C13, "Wales Visit Friends or Relatives") -> Wales Visit Friends or Relatives | E12: =HYPERLINK("#'"&Hyperlink!D$2&"'!"&Hyperlink!$D13, "Wales Business") -> Wales Business | F12: =HYPERLINK("#'"&Hyperlink!E$2&"'!"&Hyperlink!$E13, "Wales Miscellaneous") -> Wales Miscellaneous | H12: A94 | I12: A77 | J12: A79 | K12: A80 | L12: A80
A13: Booking time period | B13: =HYPERLINK("#'"&Hyperlink!A$2&"'!"&Hyperlink!$A14, "Total Wales Trips") -> Total Wales Trips | C13: =HYPERLINK("#'"&Hyperlink!B$2&"'!"&Hyperlink!$B14, "Wales Holidays") -> Wales Holidays | D13: =HYPERLINK("#'"&Hyperlink!C$2&"'!"&Hyperlink!$C14, "Wales Visit Friends or Relatives") -> Wales Visit Friends or Relatives | E13: =HYPERLINK("#'"&Hyperlink!D$2&"'!"&Hyperlink!$D14, "Wales Business") -> Wales Business | F13: =HYPERLINK("#'"&Hyperlink!E$2&"'!"&Hyperlink!$E14, "Wales Miscellaneous") -> Wales Miscellaneous | H13: A98 | I13: A81 | J13: A83 | K13: A84 | L13: A84
A14: HOW BOOKED [m] | B14: =HYPERLINK("#'"&Hyperlink!A$2&"'!"&Hyperlink!$A15, "Total Wales Trips") -> Total Wales Trips | C14: =HYPERLINK("#'"&Hyperlink!B$2&"'!"&Hyperlink!$B15, "Wales Holidays") -> Wales Holidays | D14: =HYPERLINK("#'"&Hyperlink!C$2&"'!"&Hyperlink!$C15, "Wales Visit Friends or Relatives") -> Wales Visit Friends or Relatives | E14: =HYPERLINK("#'"&Hyperlink!D$2&"'!"&Hyperlink!$D15, "Wales Business") -> Wales Business | F14: =HYPERLINK("#'"&Hyperlink!E$2&"'!"&Hyperlink!$E15, "Wales Miscellaneous") -> Wales Miscellaneous | H14: A109 | I14: A92 | J14: A94 | K14: A95 | L14: A95
... A28: CARING RESPONSIBILITY [m] | B28: =HYPERLINK("#'"&Hyperlink!A$2&"'!"&Hyperlink!$A29, "Total Wales Trips") -> Total Wales Trips | C28: =HYPERLINK("#'"&Hyperlink!B$2&"'!"&Hyperlink!$B29, "Wales Holidays") -> Wales Holidays | D28: =HYPERLINK("#'"&Hyperlink!C$2&"'!"&Hyperlink!$C29, "Wales Visit Friends or Relatives") -> Wales Visit Friends or Relatives | E28: =HYPERLINK("#'"&Hyperlink!D$2&"'!"&Hyperlink!$D29, "Wales Business") -> Wales Business | F28: =HYPERLINK("#'"&Hyperlink!E$2&"'!"&Hyperlink!$E29, "Wales Miscellaneous") -> Wales Miscellaneous | H28: A197 | I28: A180 | J28: A182 | K28: A183 | L28: A183
A29: Car ownership | B29: =HYPERLINK("#'"&Hyperlink!A$2&"'!"&Hyperlink!$A30, "Total Wales Trips") -> Total Wales Trips | C29: =HYPERLINK("#'"&Hyperlink!B$2&"'!"&Hyperlink!$B30, "Wales Holidays") -> Wales Holidays | D29: =HYPERLINK("#'"&Hyperlink!C$2&"'!"&Hyperlink!$C30, "Wales Visit Friends or Relatives") -> Wales Visit Friends or Relatives | E29: =HYPERLINK("#'"&Hyperlink!D$2&"'!"&Hyperlink!$D30, "Wales Business") -> Wales Business | F29: =HYPERLINK("#'"&Hyperlink!E$2&"'!"&Hyperlink!$E30, "Wales Miscellaneous") -> Wales Miscellaneous

Sheet Total Trips
A1: Total Wales Overnight Trips by GB Residents
A2: This worksheet contains one table. Base sizes are provided and refer to the number of reported trips for each estimate. Some of the base sizes for these estimates are low. Where the base size is below 30, users are advised not to use this estimate.
A3: Where the base size is between 30 and 100 users are advised to treat this estimate as indicative only.
A4: Low base sizes are colour coded in the tables. Some shorthand sybmols are used in this table. For guidance on colour coding and definitions of shorthand symbols, please see the table guide.
A5: January to December 2022 | B5: Trips (millions) | C5: % Total Trips | D5: Nights (millions) | E5: % Total Nights | F5: Spend (£millions) | G5: % Total Spend | H5: Base Size
A6: TOTAL TRIPS ALL PURPOSES | B6: 8.652591 | C6: 1 | D6: 25.944535 | E6: 1 | F6: 1892.3608 | G6: 1 | H6: 1009
A7: HOLIDAY TRIPS | B7: 3.935656 | C7: 0.45485289 | D7: 14.615737 | E7: 0.56334548 | F7: 1069.0427 | G7: 0.56492541 | H7: 432
A8: Holidays 1-3 nights | B8: 2.3469175 | C8: 0.2712387 | D8: 5.0518868 | E8: 0.19471872 | F8: 548.27057 | G8: 0.28972835 | H8: 272
A9: Holidays 4+ nights | B9: 1.5887386 | C9: 0.1836142 | D9: 9.5638499 | E9: 0.36862675 | F9: 520.77215 | G9: 0.27519706 | H9: 160
A10: VISIT FRIENDS OR RELATIVES TRIPS | B10: 2.5530956 | C10: 0.29506718 | D10: 6.538535 | E10: 0.25201974 | F10: 367.08859 | G10: 0.19398446 | H10: 313
A11: Visit Friends or Relatives for holiday | B11: 0.76241092 | C11: 0.088113597 | D11: 2.0934199 | E11: 0.08068828 | F11: 161.21921 | G11: 0.085194752 | H11: 83
A12: Visit Friends or Relatives for event or celebration e.g. birthday, wedding, anniversary | B12: 0.97107588 | C12: 0.11222949 | D12: 2.3028132 | E12: 0.088759083 | F12: 132.70214 | G12: 0.070125176 | H12: 115
A13: Visit Friends or Relatives for other reason | B13: 0.8196088 | C13: 0.094724088 | D13: 2.1423019 | E13: 0.082572376 | F13: 73.167239 | G13: 0.038664528 | H13: 115
A14: Unspecified | B14: 0 | C14: 0 | D14: 0 | E14: 0 | F14: 0 | G14: 0 | H14: 0
A15: BUSINESS TRIPS | B15: 0.47158033 | C15: 0.054501632 | D15: 0.89495732 | E15: 0.034495022 | F15: 103.43791 | G15: 0.054660774 | H15: 53
A16: Net: MICE (Large meeting 21+ people, Incentive travel, Conferences, Exhibitions) | B16: 0.15162909 | C16: 0.017524126 | D16: 0.30690315 | E16: 0.011829202 | F16: 28.976282 | G16: 0.015312239 | H16: 16
A17: Net: Meetings of any size | B17: 0.24595531 | C17: 0.028425625 | D17: 0.49025746 | E17: 0.018896367 | F17: 57.719769 | G17: 0.03050146 | H17: 31
... A25: Unspecified | B25: 0 | C25: 0 | D25: 0 | E25: 0 | F25: 0 | G25: 0 | H25: 0
A26: QUARTER TRIP TAKEN
A27: January to March | B27: 1.7282642 | C27: 0.1997395 | D27: 4.4408507 | E27: 0.17116709 | F27: 291.0042 | G27: 0.15377839 | H27: 277
A28: April to June | B28: 2.0863896 | C28: 0.24112888 | D28: 6.2930051 | E28: 0.24255609 | F28: 397.60392 | G28: 0.21010999 | H28: 279
A29: July to September | B29: 2.7241309 | C29: 0.31483413 | D29: 9.4354333 | E29: 0.3636771 | F29: 612.04449 | G29: 0.32342906 | H29: 244
A30: October to December | B30: 2.1138063 | C30: 0.24429749 | D30: 5.7752463 | E30: 0.22259972 | F30: 591.70823 | G30: 0.31268256 | H30: 209
A31: REGION VISITED OVERNIGHT [m]
A32: Mid Wales | B32: 1.0425247 | C32: 0.120487 | D32: 2.7354248 | E32: 0.10543356 | F32: 195.20557 | G32: 0.10315452 | H32: 109
A33: North Wales | B33: 2.5104288 | C33: 0.29013608 | D33: 9.4786244 | E33: 0.36534184 | F33: 582.40566 | G33: 0.30776671 | H33: 267
A34: South East Wales | B34: 2.9905373 | C34: 0.34562333 | D34: 6.7745248 | E34: 0.26111567 | F34: 565.3754 | G34: 0.29876723 | H34: 375
A35: South West Wales | B35: 2.1710737 | C35: 0.25091602 | D35: 6.3628121 | E35: 0.24524672 | F35: 499.43872 | G35: 0.26392362 | H35: 259
A36: Other Wales | B36: 0.20966934 | C36: 0.024231972 | D36: 0.59314932 | E36: 0.022862206 | F36: 49.93549 | G36: 0.026387932 | H36: 21
A37: LOCATION TYPE OF MAIN PLACE VISITED OVERNIGHT
A38: Seaside or other coastal | B38: 1.7526789 | C38: 0.20256116 | D38: 6.3720781 | E38: 0.24560386 | F38: 399.14186 | G38: 0.2109227 | H38: 184
A39: City/ large town | B39: 2.4921681 | C39: 0.28802565 | D39: 5.8261075 | E39: 0.2245601 | F39: 592.61288 | G39: 0.31316061 | H39: 301
A40: Small town | B40: 2.0797705 | C40: 0.2403639 | D40: 6.3547441 | E40: 0.24493574 | F40: 431.59831 | G40: 0.228074 | H40: 254
A41: Countryside/ village | B41: 2.173004 | C41: 0.25113911 | D41: 6.6070099 | E41: 0.25465902 | F41: 427.84887 | G41: 0.22609265 | H41: 256
A42: Other/unspecified | B42: 0.15496955 | C42: 0.01791019 | D42: 0.78459585 | E42: 0.030241276 | F42: 41.158917 | G42: 0.021750037 | H42: 14
A43: REGION OF RESIDENCE
A44: Net: England | B44: 5.7510114 | C44: 0.66465772 | D44: 18.446862 | E44: 0.71101145 | F44: 1347.9292 | G44: 0.71230029 | H44: 461
A45: London | B45: 0.93789379 | C45: 0.10839456 | D45: 2.694527 | E45: 0.10385721 | F45: 252.74799 | G45: 0.13356226 | H45: 65
A46: Rest of England (not London) | B46: 4.8131176 | C46: 0.55626316 | D46: 15.752335 | E46: 0.60715424 | F46: 1095.1812 | G46: 0.57873804 | H46: 396
A47: Net: Scotland | B47: 0.31347625 | C47: 0.036229177 | D47: 0.90101747 | E47: 0.034728603 | F47: 84.064862 | G47: 0.044423273 | H47: 43
A48: Net: Wales | B48: 2.5881033 | C48: 0.2991131 | D48: 6.5966563 | E48: 0.25425995 | F48: 460.3668 | G48: 0.24327643 | H48: 505
A49: Mid Wales | B49: 0.17526186 | C49: 0.02025542 | D49: 0.48503796 | E49: 0.018695188 | F49: 33.971082 | G49: 0.017951694 | H49: 34
A50: North Wales | B50: 0.48642218 | C50: 0.056216939 | D50: 1.3693642 | E50: 0.052780448 | F50: 70.755927 | G50: 0.037390293 | H50: 95
A51: South East Wales | B51: 1.3114543 | C51: 0.15156781 | D51: 3.1356475 | E51: 0.12085965 | F51: 218.31154 | G51: 0.11536465 | H51: 252
A52: South West Wales | B52: 0.59889059 | C52: 0.069215174 | D52: 1.5878847 | E52: 0.061203048 | F52: 134.20256 | G52: 0.070918058 | H52: 121
A53: DURATION OF TRIP
A54: 1-3 nights | B54: 5.9250027 | C54: 0.68476629 | D54: 10.960586 | E54: 0.42246221 | F54: 1138.8573 | G54: 0.60181828 | H54: 739
A55: 4-7 nights | B55: 2.188585 | C55: 0.25293985 | D55: 9.5292223 | E55: 0.36729208 | F55: 577.95959 | G55: 0.30541722 | H55: 215
A56: 8+ nights | B56: 0.53900329 | C56: 0.062293859 | D56: 5.4547274 | E56: 0.21024571 | F56: 175.54391 | G56: 0.092764499 | H56: 55
A57: Unspecified | B57: 0 | C57: 0 | D57: 0 | E57: 0 | F57: 0 | G57: 0 | H57: 0
A58: ACTIVITIES UNDERTAKEN ON TRIP [m]
A59: Visited friends or relatives | B59: 1.1472059 | C59: 0.13258525 | D59: 4.7633802 | E59: 0.18359859 | F59: 311.34422 | G59: 0.16452688 | H59: 137
A60: Went to a visitor attraction e.g. a historic house, theme park, museum, etc. | B60: 2.0015371 | C60: 0.23132228 | D60: 8.1035523 | E60: 0.31234139 | F60: 543.17756 | G60: 0.28703699 | H60: 206
A61: Took part in outdoor leisure activities and sports (e.g. walking, cycling etc.) | B61: 2.7758243 | C61: 0.32080845 | D61: 10.303727 | E61: 0.39714441 | F61: 649.73273 | G61: 0.34334505 | H61: 315
A62: Went sightseeing and exploring areas | B62: 3.2478302 | C62: 0.37535927 | D62: 12.179186 | E62: 0.46943166 | F62: 881.7267 | G62: 0.46594005 | H62: 358
A63: Took part in hobbies and interests | B63: 1.166999 | C63: 0.13487279 | D63: 4.4051082 | E63: 0.16978944 | F63: 305.96128 | G63: 0.16168232 | H63: 142
A64: Took part in a health or wellbeing experience (e.g. spa, retreat, gym etc.) | B64: 0.33259061 | C64: 0.038438268 | D64: 1.3438559 | E64: 0.051797262 | F64: 103.77697 | G64: 0.05483995 | H64: 39
A65: Attended a special event or celebration of personal nature (e.g. wedding, birthday, anniversary etc.) | B65: 0.4435263 | C65: 0.051259362 | D65: 1.0697221 | E65: 0.041231113 | F65: 108.06887 | G65: 0.057107963 | H65: 61
A66: Attended an organised public event (e.g. exhibition, live sport etc.) | B66: 0.5128492 | C66: 0.059271171 | D66: 1.525618 | E66: 0.058803057 | F66: 132.79664 | G66: 0.070175117 | H66: 67
A67: Went to an arts, cultural or entertainment experience (e.g. museum, gallery, cinema etc) | B67: 0.41868918 | C67: 0.048388879 | D67: 1.9199338 | E67: 0.074001473 | F67: 126.23113 | G67: 0.066705634 | H67: 41
A68: Food and drink, a night out or speciality shopping (i.e. shopping for items that you do not buy regularly e.g. clothes, electronics, jewellery, souvenirs etc.) | B68: 2.552503 | C68: 0.29499868 | D68: 8.7166972 | E68: 0.3359743 | F68: 607.20677 | G68: 0.32087262 | H68: 311
A69: Took part in leisure activities not mentioned above | B69: 0.49561378 | C69: 0.057279234 | D69: 2.1125927 | E69: 0.08142727 | F69: 119.26169 | G69: 0.063022701 | H69: 51
A70: Didn't take part in any specified activities | B70: 1.1496831 | C70: 0.13287154 | D70: 2.2625045 | E70: 0.087205436 | F70: 168.44371 | G70: 0.08901247 | H70: 134
A71: ACCOMMODATION USED
A72: Net: All serviced accommodation (e.g. hotel or B&B) | B72: 3.368098 | C72: 0.3892589 | D72: 8.0170026 | E72: 0.30900544 | F72: 899.40481 | G72: 0.47528187 | H72: 407
A73: Net: Self-Catering property rental | B73: 1.0525428 | C73: 0.12164481 | D73: 4.7726957 | E73: 0.18395765 | F73: 327.63179 | G73: 0.17313389 | H73: 115
A74: Net: Caravan / Camping / Glamping | B74: 1.8233047 | C74: 0.21072355 | D74: 6.3466012 | E74: 0.24462189 | F74: 368.88984 | G74: 0.19493631 | H74: 194
A75: Net: Someone's private home | B75: 1.8851589 | C75: 0.21787218 | D75: 5.3762795 | E75: 0.20722204 | F75: 188.29214 | G75: 0.099501183 | H75: 238
A76: Net: Other Accommodation | B76: 0.45962234 | C76: 0.053119619 | D76: 1.2328566 | E76: 0.04751893 | F76: 85.793806 | G76: 0.045336917 | H76: 48
A77: Don't know/ Unspecified | B77: 0.063864303 | C77: 0.0073809455 | D77: 0.19909982 | E77: 0.0076740563 | F77: 22.348455 | G77: 0.011809828 | H77: 7
A78: TRANSPORT USED FOR TRAVEL TO MAIN DESTINATION [m]
A79: Net: Private motor vehicle | B79: 6.7491728 | C79: 0.78001754 | D79: 20.81752 | E79: 0.80238552 | F79: 1498.9131 | G79: 0.79208628 | H79: 792
A80: Net: Train, underground train, tram | B80: 0.95168288 | C80: 0.1099882 | D80: 2.6439061 | E80: 0.10190609 | F80: 218.18459 | G80: 0.11529756 | H80: 110
A81: Net: Bus/Coach/taxi | B81: 0.5933754 | C81: 0.068577771 | D81: 1.914136 | E81: 0.073778002 | F81: 130.96702 | G81: 0.069208269 | H81: 65
A82: Net: Walk, Bicycle | B82: 0.34785106 | C82: 0.040201953 | D82: 1.4679125 | E82: 0.05657887 | F82: 54.913203 | G82: 0.029018357 | H82: 46
A83: Net: Water or air transport | B83: 0.62629691 | C83: 0.072382585 | D83: 1.8618319 | E83: 0.071762005 | F83: 154.73224 | G83: 0.081766772 | H83: 60
A84: Net: Other | B84: 0.10189608 | C84: 0.011776367 | D84: 0.15358904 | E84: 0.0059198992 | F84: 6.7619736 | G84: 0.0035733003 | H84: 10
A85: TRIP PART OF PACKAGE
A86: Yes, part of package | B86: 1.3834138 | C86: 0.15988434 | D86: 3.7147167 | E86: 0.14317916 | F86: 423.46476 | G86: 0.2237759 | H86: 138
A87: No, not part of package | B87: 7.0186722 | C87: 0.81116422 | D87: 21.496761 | E87: 0.82856605 | F87: 1429.6057 | G87: 0.75546147 | H87: 836
A88: Don't know/Unspecified | B88: 0.25050494 | C88: 0.028951437 | D88: 0.73305741 | E88: 0.02825479 | F88: 39.290384 | G88: 0.020762628 | H88: 35
A89: BOOKING TIME PERIOD
A90: More than 6 months before | B90: 0.71362772 | C90: 0.08247561 | D90: 2.8962077 | E90: 0.11163074 | F90: 224.35303 | G90: 0.11855722 | H90: 84
A91: 4-6 months before | B91: 0.91736889 | C91: 0.10602245 | D91: 3.5787767 | E91: 0.13793952 | F91: 315.01152 | G91: 0.16646483 | H91: 102
A92: 2-3 months before | B92: 1.3777748 | C92: 0.15923262 | D92: 4.496445 | E92: 0.17330991 | F92: 390.0968 | G92: 0.20614292 | H92: 150
A93: About a month before | B93: 0.96071509 | C93: 0.11103207 | D93: 2.4115286 | E93: 0.092949384 | F93: 209.85228 | G93: 0.11089443 | H93: 105
A94: 2-3 weeks before | B94: 0.64576629 | C94: 0.074632707 | D94: 1.6168729 | E94: 0.062320364 | F94: 168.87856 | G94: 0.089242262 | H94: 82
A95: A week or less | B95: 1.2140595 | C95: 0.14031168 | D95: 2.5425493 | E95: 0.097999415 | F95: 257.27097 | G95: 0.13595239 | H95: 150
A96: Did not make accommodation bookings/ Don't know | B96: 0.38027693 | C96: 0.043949487 | D96: 1.7218029 | E96: 0.066364761 | F96: 41.690319 | G96: 0.022030851 | H96: 42
A97: Don't know | B97: 0.070835738 | C97: 0.0081866504 | D97: 0.23960536 | E97: 0.0092352922 | F97: 14.619404 | G97: 0.0077254844 | H97: 8
A98: Did not go on a package trip or trip that required booking | B98: 2.372166 | C98: 0.27415673 | D98: 6.440747 | E98: 0.24825062 | F98: 270.58796 | G98: 0.14298962 | H98: 286
A99: HOW BOOKED [m]
A100: Traditional travel agent (e.g. TUI, Trailfinders) | B100: 0.42673515 | C100: 0.04931877 | D100: 1.3445759 | E100: 0.051825013 | F100: 110.02318 | G100: 0.058140697 | H100: 45
A101: A travel website (e.g. Expedia, Booking.com, Lastminute.com, TripAdvisor) | B101: 1.8335834 | C101: 0.21191148 | D101: 4.5071711 | E101: 0.17372333 | F101: 492.30528 | G101: 0.26015402 | H101: 205
A102: A tour operator or travel company (e.g. Haven, English Country Cottages, Superbreak) | B102: 0.65534077 | C102: 0.075739252 | D102: 2.6005647 | E102: 0.10023555 | F102: 198.53885 | G102: 0.10491596 | H102: 63
A103: A transport provider (e.g. Virgin Trains, British Airways, National Express) | B103: 0.43360791 | C103: 0.050113072 | D103: 1.2282209 | E103: 0.047340256 | F103: 153.07805 | G103: 0.080892631 | H103: 40
A104: A hotel or other accommodation provider directly (e.g. hotel company, B& B owner, cottage owner) | B104: 1.252861 | C104: 0.14479606 | D104: 3.1934982 | E104: 0.12308943 | F104: 322.07067 | G104: 0.17019517 | H104: 167
A105: An accommodation sharing website (e.g. Airbnb) | B105: 0.60610089 | C105: 0.070048485 | D105: 1.8011827 | E105: 0.069424356 | F105: 175.01291 | G105: 0.092483901 | H105: 62
A106: A corporate/business travel organiser | B106: 0.16756097 | C106: 0.01936541 | D106: 0.4935996 | E106: 0.019025186 | F106: 58.786876 | G106: 0.031065363 | H106: 19
A107: A tourist information centre or tourist board office | B107: 0.065765736 | C107: 0.0076006985 | D107: 0.17747097 | E107: 0.006840399 | F107: 19.49742 | G107: 0.010303225 | H107: 8
...

Sheet Holiday Trips
A1: Wales Overnight Holiday Trips by GB Residents
A2: This worksheet contains one table. Base sizes are provided and refer to the number of reported trips for each estimate. Some of the base sizes for these estimates are low. Where the base size is below 30, users are advised not to use this estimate.
A3: Where the base size is between 30 and 100 users are advised to treat this estimate as indicative only.
A4: Low base sizes are colour coded in the tables. Some shorthand sybmols are used in this table. For guidance on colour coding and definitions of shorthand symbols, please see the table guide.
A5: January to December 2022 | B5: Trips (millions) | C5: % Total Trips | D5: Nights (millions) | E5: % Total Nights | F5: Spend (£millions) | G5: % Total Spend | H5: Base Size
A6: TOTAL HOLIDAY TRIPS | B6: 3.935656 | C6: 1 | D6: 14.615737 | E6: 1 | F6: 1069.0427 | G6: 1 | H6: 432
A7: DETAILED PURPOSE OF HOLIDAY TRIPS
A8: Holidays 1-3 nights | B8: 2.3469175 | C8: 0.5963218 | D8: 5.0518868 | E8: 0.34564709 | F8: 548.27057 | G8: 0.51286124 | H8: 272
A9: Holidays 4+ nights | B9: 1.5887386 | C9: 0.4036782 | D9: 9.5638499 | E9: 0.65435291 | F9: 520.77215 | G9: 0.48713876 | H9: 160
A10: QUARTER TRIP TAKEN
A11: January to March | B11: 0.62499831 | C11: 0.1588041 | D11: 1.6077816 | E11: 0.11000346 | F11: 136.01734 | G11: 0.12723284 | H11: 100
A12: April to June | B12: 1.0291625 | C12: 0.26149708 | D12: 3.7022514 | E12: 0.25330584 | F12: 226.50396 | G12: 0.2118755 | H12: 125
A13: July to September | B13: 1.4239727 | C13: 0.36181329 | D13: 6.3173016 | E13: 0.43222602 | F13: 410.03786 | G13: 0.3835561 | H13: 128
A14: October to December | B14: 0.85752252 | C14: 0.21788553 | D14: 2.988402 | E14: 0.20446468 | F14: 296.48356 | G14: 0.27733556 | H14: 79
A15: REGION VISITED OVERNIGHT [m]
A16: Mid Wales | B16: 0.50394204 | C16: 0.12804524 | D16: 1.546817 | E16: 0.1058323 | F16: 124.64518 | G16: 0.11659514 | H16: 50
A17: North Wales | B17: 1.5385647 | C17: 0.39092966 | D17: 6.5153482 | E17: 0.44577625 | F17: 392.22645 | G17: 0.36689502 | H17: 154
A18: South East Wales | B18: 0.87079425 | C18: 0.22125771 | D18: 2.4342508 | E18: 0.16654999 | F18: 238.72434 | G18: 0.22330665 | H18: 104
A19: South West Wales | B19: 0.97068651 | C19: 0.24663906 | D19: 3.6175308 | E19: 0.2475093 | F19: 275.58313 | G19: 0.25778495 | H19: 120
A20: Other Wales | B20: 0.16087272 | C20: 0.040875707 | D20: 0.50178982 | E20: 0.034332161 | F20: 37.863619 | G20: 0.035418247 | H20: 15
A21: LOCATION TYPE OF MAIN PLACE VISITED OVERNIGHT
A22: Seaside or other coastal | B22: 1.2371609 | C22: 0.31434681 | D22: 4.8737255 | E22: 0.3334574 | F22: 323.76542 | G22: 0.30285546 | H22: 129
A23: City/ large town | B23: 0.67761183 | C23: 0.17217252 | D23: 1.7155174 | E23: 0.11737468 | F23: 223.59678 | G23: 0.20915608 | H23: 80
A24: Small town | B24: 0.7368394 | C24: 0.18722149 | D24: 2.8560692 | E24: 0.19541056 | F24: 206.93883 | G24: 0.19357396 | H24: 82
A25: Countryside/ village | B25: 1.1591882 | C25: 0.29453494 | D25: 4.4566071 | E25: 0.3049184 | F25: 277.51008 | G25: 0.25958746 | H25: 130
A26: Other/unspecified | B26: 0.12485568 | C26: 0.031724235 | D26: 0.71381737 | E26: 0.04883896 | F26: 37.231596 | G26: 0.034827043 | H26: 11
A27: REGION OF RESIDENCE
A28: Net: England | B28: 2.6403439 | C28: 0.67087771 | D28: 10.21512 | E28: 0.69891246 | F28: 732.58215 | G28: 0.68526929 | H28: 211
A29: London | B29: 0.2939732 | C29: 0.07469484 | D29: 1.0578082 | E29: 0.072374606 | F29: 82.178737 | G29: 0.076871331 | H29: 21
A30: Rest of England (not London) | B30: 2.3463707 | C30: 0.59618287 | D30: 9.1573122 | E30: 0.62653785 | F30: 650.40341 | G30: 0.60839796 | H30: 190
A31: Net: Scotland | B31: 0.12989463 | C31: 0.033004568 | D31: 0.49507147 | E31: 0.033872495 | F31: 55.001899 | G31: 0.051449673 | H31: 16
A32: Net: Wales | B32: 1.1654175 | C32: 0.29611772 | D32: 3.9055448 | E32: 0.26721505 | F32: 281.45867 | G32: 0.26328104 | H32: 205
A33: Mid Wales | B33: 0.086619023 | C33: 0.022008789 | D33: 0.2716667 | E33: 0.018587274 | F33: 20.469987 | G33: 0.01914796 | H33: 15
A34: North Wales | B34: 0.24080996 | C34: 0.061186739 | D34: 0.81008657 | E34: 0.055425641 | F34: 41.277085 | G34: 0.038611259 | H34: 44
A35: South East Wales | B35: 0.52983225 | C35: 0.13462362 | D35: 1.7251947 | E35: 0.11803679 | F35: 124.61941 | G35: 0.11657102 | H35: 87
A36: South West Wales | B36: 0.30554707 | C36: 0.077635614 | D36: 1.0933677 | E36: 0.074807569 | F36: 94.802136 | G36: 0.088679465 | H36: 58
A37: DURATION OF TRIP
A38: 1-3 nights | B38: 2.3469175 | C38: 0.5963218 | D38: 5.0518868 | E38: 0.34564709 | F38: 548.27057 | G38: 0.51286124 | H38: 272
A39: 4-7 nights | B39: 1.3174094 | C39: 0.33473692 | D39: 6.4909022 | E39: 0.44410366 | F39: 402.03385 | G39: 0.37606902 | H39: 135
A40: 8+ nights | B40: 0.27132915 | C40: 0.068941276 | D40: 3.0729477 | E40: 0.21024925 | F40: 118.7383 | G40: 0.11106974 | H40: 25
A41: Unspecified | B41: 0 | C41: 0 | D41: 0 | E41: 0 | F41: 0 | G41: 0 | H41: 0
A42: ACTIVITIES UNDERTAKEN ON TRIP [m]
A43: Visited friends or relatives | B43: 0.754768 | C43: 0.19177692 | D43: 3.513113 | E43: 0.2403651 | F43: 228.19409 | G43: 0.21345647 | H43: 88
A44: Went to a visitor attraction e.g. a historic house, theme park, museum, etc. | B44: 1.3685283 | C44: 0.34772558 | D44: 6.2208868 | E44: 0.42562937 | F44: 409.01636 | G44: 0.38260058 | H44: 137
A45: Took part in outdoor leisure activities and sports (e.g. walking, cycling etc.) | B45: 1.6502663 | C45: 0.41931162 | D45: 7.2469691 | E45: 0.49583331 | F45: 454.72122 | G45: 0.42535365 | H45: 184
A46: Went sightseeing and exploring areas | B46: 2.2220493 | C46: 0.56459439 | D46: 9.0126827 | E46: 0.61664238 | F46: 636.21371 | G46: 0.59512468 | H46: 242
A47: Took part in hobbies and interests | B47: 0.58558783 | C47: 0.1487904 | D47: 2.9995773 | E47: 0.20522929 | F47: 183.78258 | G47: 0.17191322 | H47: 62
A48: Took part in a health or wellbeing experience (e.g. spa, retreat, gym etc.) | B48: 0.13167047 | C48: 0.033455788 | D48: 0.75085222 | E48: 0.051372862 | F48: 40.284377 | G48: 0.037682664 | H48: 16
A49: Attended a special event or celebration of personal nature (e.g. wedding, birthday, anniversary etc.) | B49: 0.062100623 | C49: 0.015778976 | D49: 0.15672403 | E49: 0.010722965 | F49: 32.213262 | G49: 0.030132811 | H49: 10
A50: Attended an organised public event (e.g. exhibition, live sport etc.) | B50: 0.22177313 | C50: 0.056349725 | D50: 0.98307906 | E50: 0.067261684 | F50: 75.924203 | G50: 0.071020738 | H50: 23
A51: Went to an arts, cultural or entertainment experience (e.g. museum, gallery, cinema etc) | B51: 0.23756881 | C51: 0.060363203 | D51: 1.4055197 | E51: 0.096164823 | F51: 77.857022 | G51: 0.072828728 | H51: 21
A52: Food and drink, a night out or speciality shopping (i.e. shopping for items that you do not buy regularly e.g. clothes, electronics, jewellery, souvenirs etc.) | B52: 1.3226789 | C52: 0.33607583 | D52: 5.6748424 | E52: 0.38826934 | F52: 382.7099 | G52: 0.35799309 | H52: 143
A53: Took part in leisure activities not mentioned above | B53: 0.2887563 | C53: 0.073369294 | D53: 1.4780405 | E53: 0.10112665 | F53: 82.170916 | G53: 0.076864015 | H53: 28
A54: Didn't take part in any specified activities | B54: 0.33440466 | C54: 0.084967958 | D54: 0.88932662 | E54: 0.060847198 | F54: 61.023892 | G54: 0.057082744 | H54: 32
A55: ACCOMMODATION USED
A56: Net: All serviced accommodation (e.g. hotel or B&B) | B56: 1.3868321 | C56: 0.35237636 | D56: 3.7279257 | E56: 0.25506246 | F56: 422.90327 | G56: 0.39559061 | H56: 166
A57: Net: Self-Catering property rental | B57: 0.72618312 | C57: 0.18451387 | D57: 3.9003586 | E57: 0.26686021 | F57: 247.96893 | G57: 0.23195418 | H57: 75
A58: Net: Caravan / Camping / Glamping | B58: 1.4774686 | C58: 0.37540594 | D58: 5.6211912 | E58: 0.38459856 | F58: 316.75453 | G58: 0.29629735 | H58: 153
A59: Net: Someone's private home | B59: 0.16266214 | C59: 0.041330375 | D59: 0.71431011 | E59: 0.048872673 | F59: 25.033785 | G59: 0.023417011 | H59: 18
A60: Net: Other Accommodation | B60: 0.14883058 | C60: 0.037815953 | D60: 0.55127794 | E60: 0.037718109 | F60: 41.298445 | G60: 0.038631239 | H60: 17
A61: Don't know/ Unspecified | B61: 0.033679406 | C61: 0.0085575075 | D61: 0.10067305 | E61: 0.0068879904 | F61: 15.083762 | G61: 0.014109597 | H61: 3
A62: TRANSPORT USED FOR TRAVEL TO MAIN DESTINATION [m]
A63: Net: Private motor vehicle | B63: 3.5500827 | C63: 0.90203073 | D63: 13.450049 | E63: 0.92024434 | F63: 961.09707 | G63: 0.89902588 | H63: 383
A64: Net: Train, underground train, tram | B64: 0.2356658 | C64: 0.059879674 | D64: 0.64948944 | E64: 0.044437681 | F64: 73.721846 | G64: 0.068960617 | H64: 30
A65: Net: Bus/Coach/taxi | B65: 0.15460123 | C65: 0.0392822 | D65: 0.61840013 | E65: 0.042310569 | F65: 51.45693 | G65: 0.048133652 | H65: 17
A66: Net: Walk, Bicycle | B66: 0.15604864 | C66: 0.03964997 | D66: 0.83933462 | E66: 0.057426775 | F66: 39.943273 | G66: 0.03736359 | H66: 20
A67: Net: Water or air transport | B67: 0.18068659 | C67: 0.045910159 | D67: 0.62592402 | E67: 0.042825349 | F67: 53.630855 | G67: 0.050167177 | H67: 18
A68: Net: Other | B68: 0.0098320838 | C68: 0.0024982071 | D68: 0.0061680236 | E68: 0.0004220125 | F68: 0.18172584 | G68: 0.00016998931 | H68: 2
A69: TRIP PART OF PACKAGE
A70: Yes, part of package | B70: 0.44119864 | C70: 0.11210295 | D70: 1.3724952 | E70: 0.093905303 | F70: 178.52351 | G70: 0.1669938 | H70: 50
A71: No, not part of package | B71: 3.442662 | C71: 0.8747365 | D71: 13.003344 | E71: 0.88968106 | F71: 875.68817 | G71: 0.819133 | H71: 374
A72: Don't know/Unspecified | B72: 0.051795412 | C72: 0.013160554 | D72: 0.23989743 | E72: 0.016413639 | F72: 14.831045 | G72: 0.013873202 | H72: 8
A73: BOOKING TIME PERIOD
A74: More than 6 months before | B74: 0.55863974 | C74: 0.14194323 | D74: 2.3750959 | E74: 0.16250265 | F74: 182.91699 | G74: 0.17110354 | H74: 60
A75: 4-6 months before | B75: 0.59440982 | C75: 0.15103195 | D75: 2.7243237 | E75: 0.1863966 | F75: 212.65769 | G75: 0.19892347 | H75: 64
A76: 2-3 months before | B76: 0.78240939 | C76: 0.19880025 | D76: 3.1906408 | E76: 0.21830174 | F76: 271.33969 | G76: 0.25381557 | H76: 81
A77: About a month before | B77: 0.49991377 | C77: 0.12702171 | D77: 1.3008625 | E77: 0.089004237 | F77: 103.00032 | G77: 0.096348175 | H77: 55
A78: 2-3 weeks before | B78: 0.35434694 | C78: 0.090035037 | D78: 1.0759281 | E78: 0.073614357 | F78: 104.31034 | G78: 0.097573592 | H78: 45
A79: A week or less | B79: 0.61141799 | C79: 0.15535351 | D79: 1.3658132 | E79: 0.093448124 | F79: 120.1604 | G79: 0.1124 | H79: 71
A80: Did not make accommodation bookings/ Don't know | B80: 0.30784709 | C80: 0.078220018 | D80: 1.5473113 | E80: 0.10586612 | F80: 37.677139 | G80: 0.035243811 | H80: 32
A81: Don't know | B81: 0.026698298 | C81: 0.006783697 | D81: 0.12963553 | E81: 0.0088695861 | F81: 5.1602829 | G81: 0.0048270128 | H81: 2
A82: Did not go on a package trip or trip that required booking | B82: 0.19997302 | C82: 0.050810593 | D82: 0.9061257 | E82: 0.061996581 | F82: 31.819869 | G82: 0.029764825 | H82: 22
A83: HOW BOOKED [m]
A84: Traditional travel agent (e.g. TUI, Trailfinders) | B84: 0.25650278 | C84: 0.065174085 | D84: 0.69194188 | E84: 0.047342251 | F84: 77.998749 | G84: 0.072961302 | H84: 27
A85: A travel website (e.g. Expedia, Booking.com, Lastminute.com, TripAdvisor) | B85: 1.0787773 | C85: 0.27410356 | D85: 3.0981139 | E85: 0.21197111 | F85: 322.10025 | G85: 0.30129783 | H85: 113
A86: A tour operator or travel company (e.g. Haven, English Country Cottages, Superbreak) | B86: 0.42367394 | C86: 0.10765014 | D86: 2.0621846 | E86: 0.14109344 | F86: 148.18802 | G86: 0.13861749 | H86: 42
A87: A transport provider (e.g. Virgin Trains, British Airways, National Express) | B87: 0.13726458 | C87: 0.034877178 | D87: 0.34914171 | E87: 0.023888068 | F87: 64.279285 | G87: 0.060127892 | H87: 15
A88: A hotel or other accommodation provider directly (e.g. hotel company, B& B owner, cottage owner) | B88: 0.64203934 | C88: 0.16313401 | D88: 2.0362301 | E88: 0.13931765 | F88: 165.02314 | G88: 0.15436533 | H88: 81
A89: An accommodation sharing website (e.g. Airbnb) | B89: 0.3740297 | C89: 0.095036175 | D89: 1.3508706 | E89: 0.09242576 | F89: 115.11835 | G89: 0.10768359 | H89: 39
A90: A corporate/business travel organiser | B90: 0.05440127 | C90: 0.013822669 | D90: 0.24114395 | E90: 0.016498925 | F90: 20.392878 | G90: 0.019075831 | H90: 7
A91: A tourist information centre or tourist board office | B91: 0.039572536 | C91: 0.010054877 | D91: 0.11811247 | E91: 0.0080811846 | F91: 6.737563 | G91: 0.0063024263 | H91: 5
A92: Other/Don’t know | B92: 0.65881494 | C92: 0.16739647 | D92: 2.8387351 | E92: 0.19422456 | F92: 160.12518 | G92: 0.1497837 | H92: 74
A93: Didn't make a booking/ not applicable | B93: 0.50782011 | C93: 0.12903061 | D93: 2.453437 | E93: 0.1678627 | F93: 69.497009 | G93: 0.065008636 | H93: 54
A94: NUMBER OF PLACES STAYED OVERNIGHT INCLUDING MAIN DESTINATION
A95: One | B95: 3.2375526 | C95: 0.82262081 | D95: 11.879595 | E95: 0.81279484 | F95: 880.31643 | G95: 0.82346235 | H95: 363
A96: Two or three | B96: 0.56531853 | C96: 0.14364023 | D96: 2.0719467 | E96: 0.14176136 | F96: 153.92972 | G96: 0.14398837 | H96: 57
A97: Four or more | B97: 0.13278496 | C97: 0.033738964 | D97: 0.66419456 | E97: 0.045443797 | F97: 34.796564 | G97: 0.032549273 | H97: 12
A98: Unspecified | B98: 0 | C98: 0 | D98: 0 | E98: 0 | F98: 0 | G98: 0 | H98: 0
A99: TOTAL TRIP PARTY (including respondent)
A100: Solo traveller | B100: 0.45295078 | C100: 0.11508902 | D100: 1.5391728 | E100: 0.10530928 | F100: 134.86896 | G100: 0.12615863 | H100: 53
...

Sheet Visit Friends or Relatives
A1: Wales Overnight Visit Friends or Relatives Trips by GB Residents
A2: This worksheet contains one table. Base sizes are provided and refer to the number of reported trips for each estimate. Some of the base sizes for these estimates are low. Where the base size is below 30, users are advised not to use this estimate.
A3: Where the base size is between 30 and 100 users are advised to treat this estimate as indicative only.
A4: Low base sizes are colour coded in the tables. Some shorthand sybmols are used in this table. For guidance on colour coding and definitions of shorthand symbols, please see the table guide.
A5: January to December 2022 | B5: Trips (millions) | C5: % Total Trips | D5: Nights (millions) | E5: % Total Nights | F5: Spend (£millions) | G5: % Total Spend | H5: Base Size
A6: TOTAL VISIT FRIENDS OR RELATIVES TRIPS | B6: 2.5530956 | C6: 1 | D6: 6.538535 | E6: 1 | F6: 367.08859 | G6: 1 | H6: 313
A7: DETAILED PURPOSE OF VISIT FRIENDS OR RELATIVES TRIPS
A8: Visit Friends or Relatives for holiday | B8: 0.76241092 | C8: 0.29862216 | D8: 2.0934199 | E8: 0.32016651 | F8: 161.21921 | G8: 0.43918339 | H8: 83
A9: Visit Friends or Relatives for event or celebration e.g. birthday, wedding, anniversary | B9: 0.97107588 | C9: 0.38035234 | D9: 2.3028132 | E9: 0.352191 | F9: 132.70214 | G9: 0.36149894 | H9: 115
A10: Visit Friends or Relatives for other reason | B10: 0.8196088 | C10: 0.3210255 | D10: 2.1423019 | E10: 0.32764249 | F10: 73.167239 | G10: 0.19931766 | H10: 115
A11: Unspecified | B11: 0 | C11: 0 | D11: 0 | E11: 0 | F11: 0 | G11: 0 | H11: 0
A12: QUARTER TRIP TAKEN
A13: January to March | B13: 0.75340802 | C13: 0.29509589 | D13: 2.3391092 | E13: 0.35774209 | F13: 95.173189 | G13: 0.25926491 | H13: 116
A14: April to June | B14: 0.53554543 | C14: 0.20976317 | D14: 1.4507171 | E14: 0.22187188 | F14: 72.999661 | G14: 0.19886116 | H14: 76
A15: July to September | B15: 0.63391519 | C15: 0.24829278 | D15: 1.3503405 | E15: 0.20652035 | F15: 86.794491 | G15: 0.23644018 | H15: 54
A16: October to December | B16: 0.63022696 | C16: 0.24684816 | D16: 1.3983682 | E16: 0.21386568 | F16: 112.12125 | G16: 0.30543376 | H16: 67
A17: REGION VISITED OVERNIGHT [m]
A18: Mid Wales | B18: 0.38197361 | C18: 0.14961195 | D18: 0.68328696 | E18: 0.10450154 | F18: 49.674649 | G18: 0.1353206 | H18: 41
A19: North Wales | B19: 0.49385479 | C19: 0.19343372 | D19: 1.5906448 | E19: 0.24327235 | F19: 59.876203 | G19: 0.16311105 | H19: 63
A20: South East Wales | B20: 1.1091133 | C20: 0.43441904 | D20: 2.6147478 | E20: 0.3998981 | F20: 143.12082 | G20: 0.38988087 | H20: 137
A21: South West Wales | B21: 0.66348074 | C21: 0.25987305 | D21: 1.6196376 | E21: 0.2477065 | F21: 109.05024 | G21: 0.2970679 | H21: 77
A22: Other Wales | B22: 0.017334072 | C22: 0.0067894334 | D22: 0.030217911 | E22: 0.0046215109 | F22: 5.3666831 | G22: 0.014619586 | H22: 2
A23: LOCATION TYPE OF MAIN PLACE VISITED OVERNIGHT
A24: Seaside or other coastal | B24: 0.25856021 | C24: 0.10127322 | D24: 0.83509323 | E24: 0.12771871 | F24: 48.097465 | G24: 0.13102414 | H24: 30
A25: City/ large town | B25: 0.81500756 | C25: 0.31922328 | D25: 2.099105 | E25: 0.32103598 | F25: 138.98388 | G25: 0.37861129 | H25: 97
A26: Small town | B26: 0.86432937 | C26: 0.33854172 | D26: 2.1778493 | E26: 0.33307908 | F26: 110.11827 | G26: 0.29997738 | H26: 111
A27: Countryside/ village | B27: 0.5925439 | C27: 0.23208841 | D27: 1.378133 | E27: 0.21077092 | F27: 66.788187 | G27: 0.18194024 | H27: 73
A28: Other/unspecified | B28: 0.022654556 | C28: 0.0088733676 | D28: 0.048354484 | E28: 0.0073953085 | F28: 3.1007776 | G28: 0.0084469464 | H28: 2
A29: REGION OF RESIDENCE
A30: Net: England | B30: 1.6910468 | C30: 0.66235152 | D30: 4.6250616 | E30: 0.70735441 | F30: 276.8255 | G30: 0.75411089 | H30: 138
A31: London | B31: 0.28524257 | C31: 0.1117242 | D31: 0.72855767 | E31: 0.11142521 | F31: 73.520038 | G31: 0.20027874 | H31: 19
A32: Rest of England (not London) | B32: 1.4058042 | C32: 0.55062732 | D32: 3.8965039 | E32: 0.59592919 | F32: 203.30547 | G32: 0.55383216 | H32: 119
A33: Net: Scotland | B33: 0.1182748 | C33: 0.046326038 | D33: 0.28261911 | E33: 0.043223613 | F33: 16.729637 | G33: 0.045573842 | H33: 16
A34: Net: Wales | B34: 0.74377404 | C34: 0.29132244 | D34: 1.6308544 | E34: 0.24942198 | F34: 73.533448 | G34: 0.20031526 | H34: 159
A35: Mid Wales | B35: 0.05302045 | C35: 0.020767123 | D35: 0.12393721 | E35: 0.01895489 | F35: 7.363441 | G35: 0.02005903 | H35: 11
A36: North Wales | B36: 0.12589604 | C36: 0.049311133 | D36: 0.36090029 | E36: 0.055195894 | F36: 15.457776 | G36: 0.042109115 | H36: 27
A37: South East Wales | B37: 0.42475685 | C37: 0.16636935 | D37: 0.84745731 | E37: 0.12960966 | F37: 39.103902 | G37: 0.10652443 | H37: 90
A38: South West Wales | B38: 0.1401007 | C38: 0.054874837 | D38: 0.29855955 | E38: 0.045661536 | F38: 11.608329 | G38: 0.031622691 | H38: 31
A39: DURATION OF TRIP
A40: 1-3 nights | B40: 1.9495343 | C40: 0.7635963 | D40: 3.3740886 | E40: 0.51603127 | F40: 266.08041 | G40: 0.72483976 | H40: 251
A41: 4-7 nights | B41: 0.47595513 | C41: 0.18642276 | D41: 1.9507203 | E41: 0.29834211 | F41: 79.084431 | G41: 0.21543691 | H41: 44
A42: 8+ nights | B42: 0.12760612 | C42: 0.049980942 | D42: 1.2137261 | E42: 0.18562662 | F42: 21.923752 | G42: 0.059723327 | H42: 18
A43: Unspecified | B43: 0 | C43: 0 | D43: 0 | E43: 0 | F43: 0 | G43: 0 | H43: 0
A44: ACTIVITIES UNDERTAKEN ON TRIP [m]
A45: Went to a visitor attraction e.g. a historic house, theme park, museum, etc. | B45: 0.43463457 | C45: 0.17023827 | D45: 1.4405709 | E45: 0.22032013 | F45: 77.418881 | G45: 0.21089972 | H45: 44
A46: Took part in outdoor leisure activities and sports (e.g. walking, cycling etc.) | B46: 0.7589295 | C46: 0.29725855 | D46: 2.3007995 | E46: 0.35188302 | F46: 105.68537 | G46: 0.28790153 | H46: 90
A47: Went sightseeing and exploring areas | B47: 0.6195531 | C47: 0.24266741 | D47: 2.0726359 | E47: 0.3169878 | F47: 112.03801 | G47: 0.30520701 | H47: 68
A48: Took part in hobbies and interests | B48: 0.38940968 | C48: 0.15252452 | D48: 0.98515207 | E48: 0.15066862 | F48: 75.959657 | G48: 0.20692459 | H48: 52
A49: Took part in a health or wellbeing experience (e.g. spa, retreat, gym etc.) | B49: 0.095455882 | C49: 0.037388291 | D49: 0.24843031 | E49: 0.037994797 | F49: 19.253874 | G49: 0.052450211 | H49: 10
A50: Attended a special event or celebration of personal nature (e.g. wedding, birthday, anniversary etc.) | B50: 0.24351038 | C50: 0.095378482 | D50: 0.61047448 | E50: 0.093365636 | F50: 37.817965 | G50: 0.10302136 | H50: 30
A51: Attended an organised public event (e.g. exhibition, live sport etc.) | B51: 0.058891076 | C51: 0.023066538 | D51: 0.17705616 | E51: 0.027078872 | F51: 5.3947234 | G51: 0.014695971 | H51: 10
A52: Went to an arts, cultural or entertainment experience (e.g. museum, gallery, cinema etc) | B52: 0.10954873 | C52: 0.042908199 | D52: 0.34214381 | E52: 0.052327288 | F52: 18.483192 | G52: 0.050350768 | H52: 11
A53: Food and drink, a night out or speciality shopping (i.e. shopping for items that you do not buy regularly e.g. clothes, electronics, jewellery, souvenirs etc.) | B53: 0.77485127 | C53: 0.30349481 | D53: 2.2094031 | E53: 0.3379049 | F53: 109.06902 | G53: 0.29711906 | H53: 98
A54: Took part in leisure activities not mentioned above | B54: 0.080027675 | C54: 0.03134535 | D54: 0.26904875 | E54: 0.04114817 | F54: 9.7505515 | G54: 0.026561849 | H54: 9
A55: Didn't take part in any specified activities | B55: 0.52981371 | C55: 0.20751817 | D55: 0.90098035 | E55: 0.13779545 | F55: 47.718109 | G55: 0.12999072 | H55: 66
A56: ACCOMMODATION USED
A57: Net: All serviced accommodation (e.g. hotel or B&B) | B57: 0.60448518 | C57: 0.23676559 | D57: 1.3940255 | E57: 0.2132015 | F57: 137.0135 | G57: 0.37324369 | H57: 70
A58: Net: Self-Catering property rental | B58: 0.13054821 | C58: 0.051133303 | D58: 0.39383865 | E58: 0.06023347 | F58: 26.684135 | G58: 0.072691268 | H58: 18
A59: Net: Caravan / Camping / Glamping | B59: 0.14650942 | C59: 0.057385012 | D59: 0.36711187 | E59: 0.05614589 | F59: 23.917024 | G59: 0.065153276 | H59: 16
A60: Net: Someone's private home | B60: 1.4725841 | C60: 0.57678375 | D60: 4.0135482 | E60: 0.61382989 | F60: 142.87033 | G60: 0.38919849 | H60: 191
A61: Net: Other Accommodation | B61: 0.17494285 | C61: 0.068521856 | D61: 0.27775572 | E61: 0.04247981 | F61: 31.595466 | G61: 0.086070413 | H61: 15
A62: Don't know/ Unspecified | B62: 0.024025876 | C62: 0.0094104881 | D62: 0.092255075 | E62: 0.014109441 | F62: 5.0081366 | G62: 0.013642856 | H62: 3
A63: TRANSPORT USED FOR TRAVEL TO MAIN DESTINATION [m]
A64: Net: Private motor vehicle | B64: 1.9572021 | C64: 0.76659962 | D64: 4.854627 | E64: 0.74246402 | F64: 264.53705 | G64: 0.72063544 | H64: 244
A65: Net: Train, underground train, tram | B65: 0.38959481 | C65: 0.15259703 | D65: 1.1974804 | E65: 0.18314201 | F65: 72.957803 | G65: 0.19874713 | H65: 45
A66: Net: Bus/Coach/taxi | B66: 0.20267837 | C66: 0.079385344 | D66: 0.70309323 | E66: 0.1075307 | F66: 25.496139 | G66: 0.069455004 | H66: 24
A67: Net: Walk, Bicycle | B67: 0.10503863 | C67: 0.041141676 | D67: 0.24920847 | E67: 0.038113808 | F67: 8.9346067 | G67: 0.024339102 | H67: 15
A68: Net: Water or air transport | B68: 0.31939047 | C68: 0.1250993 | D68: 0.8008766 | E68: 0.12248563 | F68: 75.75224 | G68: 0.20635956 | H68: 28
A69: Net: Other | B69: 0.037768704 | C69: 0.014793298 | D69: 0.052255729 | E69: 0.0079919629 | F69: 2.7288986 | G69: 0.0074338966 | H69: 2
A70: TRIP PART OF PACKAGE
A71: Yes, part of package | B71: 0.32838496 | C71: 0.12862227 | D71: 0.91892185 | E71: 0.14053941 | F71: 97.819186 | G71: 0.26647297 | H71: 28
A72: No, not part of package | B72: 2.073184 | C72: 0.81202755 | D72: 5.2097413 | E72: 0.796775 | F72: 249.13883 | G72: 0.67868858 | H72: 264
A73: Don't know/Unspecified | B73: 0.15152667 | C73: 0.059350174 | D73: 0.40987192 | E73: 0.062685589 | F73: 20.130571 | G73: 0.054838456 | H73: 21
A74: BOOKING TIME PERIOD
A75: More than 6 months before | B75: 0.022931845 | C75: 0.0089819768 | D75: 0.040609299 | E75: 0.0062107641 | F75: 4.6891404 | G75: 0.012773866 | H75: 4
A76: 4-6 months before | B76: 0.10354629 | C76: 0.040557153 | D76: 0.23107038 | E76: 0.035339779 | F76: 38.019811 | G76: 0.10357122 | H76: 14
A77: 2-3 months before | B77: 0.27259976 | C77: 0.10677225 | D77: 0.64659034 | E77: 0.098889175 | F77: 54.47288 | G77: 0.14839165 | H77: 30
A78: About a month before | B78: 0.15764382 | C78: 0.061746149 | D78: 0.38165097 | E78: 0.058369492 | F78: 20.322828 | G78: 0.055362189 | H78: 12
A79: 2-3 weeks before | B79: 0.15011653 | C79: 0.058797847 | D79: 0.3307067 | E79: 0.050578104 | F79: 34.347736 | G79: 0.093567977 | H79: 17
A80: A week or less | B80: 0.29013813 | C80: 0.1136417 | D80: 0.62833344 | E80: 0.096096976 | F80: 64.19719 | G80: 0.17488201 | H80: 34
A81: Did not make accommodation bookings/ Don't know | B81: 0.064553008 | C81: 0.025284211 | D81: 0.1530343 | E81: 0.023404982 | F81: 3.862305 | G81: 0.010521452 | H81: 8
A82: Don't know | B82: 0.02551984 | C82: 0.0099956461 | D82: 0.083072593 | E82: 0.012705077 | F82: 7.469087 | G82: 0.020346824 | H82: 3
A83: Did not go on a package trip or trip that required booking | B83: 1.4660464 | C83: 0.57422307 | D83: 4.043467 | E83: 0.61840565 | F83: 139.70761 | G83: 0.38058282 | H83: 191
A84: HOW BOOKED [m]
A85: Traditional travel agent (e.g. TUI, Trailfinders) | B85: 0.06876628 | C85: 0.026934471 | D85: 0.31065624 | E85: 0.047511597 | F85: 14.124571 | G85: 0.038477283 | H85: 8
A86: A travel website (e.g. Expedia, Booking.com, Lastminute.com, TripAdvisor) | B86: 0.32635252 | C86: 0.1278262 | D86: 0.69182039 | E86: 0.10580664 | F86: 72.829492 | G86: 0.19839759 | H86: 35
A87: A tour operator or travel company (e.g. Haven, English Country Cottages, Superbreak) | B87: 0.133811 | C87: 0.052411277 | D87: 0.28518411 | E87: 0.043615903 | F87: 16.610235 | G87: 0.045248573 | H87: 11
A88: A transport provider (e.g. Virgin Trains, British Airways, National Express) | B88: 0.15272821 | C88: 0.059820794 | D88: 0.33141373 | E88: 0.050686236 | F88: 45.855283 | G88: 0.12491612 | H88: 12
A89: A hotel or other accommodation provider directly (e.g. hotel company, B& B owner, cottage owner) | B89: 0.25382975 | C89: 0.099420385 | D89: 0.40389781 | E89: 0.061771912 | F89: 58.02717 | G89: 0.15807402 | H89: 30
A90: An accommodation sharing website (e.g. Airbnb) | B90: 0.031679103 | C90: 0.012408115 | D90: 0.064972942 | E90: 0.0099369264 | F90: 5.1648011 | G90: 0.014069631 | H90: 2
A91: A corporate/business travel organiser | B91: 0.015822351 | C91: 0.0061973201 | D91: 0.047564742 | E91: 0.0072745258 | F91: 5.9087916 | G91: 0.016096364 | H91: 1
A92: A tourist information centre or tourist board office | B92: 0 | C92: 0 | D92: 0 | E92: 0 | F92: 0 | G92: 0 | H92: 0
A93: Other/Don’t know | B93: 0.15631004 | C93: 0.061223732 | D93: 0.35328469 | E93: 0.054031169 | F93: 24.621024 | G93: 0.067071069 | H93: 25
A94: Didn't make a booking/ not applicable | B94: 1.5305994 | C94: 0.59950728 | D94: 4.1965013 | E94: 0.64181063 | F94: 143.56992 | G94: 0.39110427 | H94: 199
A95: NUMBER OF PLACES STAYED OVERNIGHT INCLUDING MAIN DESTINATION
A96: One | B96: 2.1410513 | C96: 0.83860991 | D96: 5.6068974 | E96: 0.85751585 | F96: 294.82687 | G96: 0.80314911 | H96: 274
A97: Two or three | B97: 0.29143908 | C97: 0.11415126 | D97: 0.66603879 | E97: 0.10186361 | F97: 57.733754 | G97: 0.15727472 | H97: 29
A98: Four or more | B98: 0.12060526 | C98: 0.047238833 | D98: 0.26559881 | E98: 0.040620538 | F98: 14.52796 | G98: 0.039576169 | H98: 10
A99: Unspecified | B99: 0 | C99: 0 | D99: 0 | E99: 0 | F99: 0 | G99: 0 | H99: 0
A100: TOTAL TRIP PARTY (including respondent)
...

Sheet Business Trips
A1: Wales Overnight Business Trips by GB Residents
A2: This worksheet contains one table. Base sizes are provided and refer to the number of reported trips for each estimate. Some of the base sizes for these estimates are low. Where the base size is below 30, users are advised not to use this estimate.
A3: Where the base size is between 30 and 100 users are advised to treat this estimate as indicative only.
A4: Low base sizes are colour coded in the tables. Some shorthand sybmols are used in this table. For guidance on colour coding and definitions of shorthand symbols, please see the table guide.
A5: January to December 2022 | B5: Trips (millions) | C5: % Total Trips | D5: Nights (millions) | E5: % Total Nights | F5: Spend (£millions) | G5: % Total Spend | H5: Base Size
A6: TOTAL BUSINESS TRIPS | B6: 0.47158033 | C6: 1 | D6: 0.89495732 | E6: 1 | F6: 103.43791 | G6: 1 | H6: 53
A7: DETAILED PURPOSE OF BUSINESS TRIPS
A8: Net: MICE (Large meeting 21+ people, Incentive travel, Conferences, Exhibitions) | B8: 0.15162909 | C8: 0.32153396 | D8: 0.30690315 | E8: 0.3429249 | F8: 28.976282 | G8: 0.28013214 | H8: 16
A9: Net: Meetings of any size | B9: 0.24595531 | C9: 0.52155549 | D9: 0.49025746 | E9: 0.54779983 | F9: 57.719769 | G9: 0.55801369 | H9: 31
A10: Net: Conference/exhibition/event or training/team building or travel for work or other reason | B10: 0.22562502 | C10: 0.47844451 | D10: 0.40469985 | E10: 0.45220017 | F10: 45.718139 | G10: 0.44198631 | H10: 22
A11: Unspecified | B11: 0 | C11: 0 | D11: 0 | E11: 0 | F11: 0 | G11: 0 | H11: 0
A12: QUARTER TRIP TAKEN
A13: January to March | B13: 0.081546443 | C13: 0.17292164 | D13: 0.13038564 | E13: 0.14568923 | F13: 10.274925 | G13: 0.099334232 | H13: 12
A14: April to June | B14: 0.11709802 | C14: 0.2483098 | D14: 0.1990348 | E14: 0.22239586 | F14: 19.924611 | G14: 0.19262388 | H14: 16
A15: July to September | B15: 0.10580039 | C15: 0.22435284 | D15: 0.22677111 | E15: 0.25338763 | F15: 8.8611985 | G15: 0.085666838 | H15: 10
A16: October to December | B16: 0.16713549 | C16: 0.35441572 | D16: 0.33876576 | E16: 0.37852729 | F16: 64.377173 | G16: 0.62237505 | H16: 15
A17: REGION VISITED OVERNIGHT [m]
A18: Mid Wales | B18: 0.060766181 | C18: 0.12885648 | D18: 0.082708723 | E18: 0.092416388 | F18: 8.0963203 | G18: 0.078272274 | H18: 7
A19: North Wales | B19: 0.091268353 | C19: 0.19353723 | D19: 0.21601588 | E19: 0.24137003 | F19: 35.796246 | G19: 0.34606506 | H19: 9
A20: South East Wales | B20: 0.2079453 | C20: 0.44095414 | D20: 0.33220079 | E20: 0.37119176 | F20: 38.146053 | G20: 0.36878214 | H20: 24
A21: South West Wales | B21: 0.13897021 | C21: 0.29469043 | D21: 0.26403193 | E21: 0.29502181 | F21: 21.399289 | G21: 0.20688053 | H21: 15
A22: Other Wales | B22: 0 | C22: 0 | D22: 0 | E22: 0 | F22: 0 | G22: 0 | H22: 0
A23: LOCATION TYPE OF MAIN PLACE VISITED OVERNIGHT
A24: Seaside or other coastal | B24: 0.048226991 | C24: 0.10226676 | D24: 0.066248356 | E24: 0.07402404 | F24: 4.1640422 | G24: 0.040256442 | H24: 6
A25: City/ large town | B25: 0.20686549 | C25: 0.43866437 | D25: 0.35073837 | E25: 0.39190514 | F25: 41.498911 | G25: 0.40119635 | H25: 22
A26: Small town | B26: 0.15351383 | C26: 0.32553059 | D26: 0.32639708 | E26: 0.36470687 | F26: 37.987629 | G26: 0.36725056 | H26: 18
A27: Countryside/ village | B27: 0.062974026 | C27: 0.13353828 | D27: 0.1515735 | E27: 0.16936395 | F27: 19.787325 | G27: 0.19129665 | H27: 7
A28: Other/unspecified | B28: 0 | C28: 0 | D28: 0 | E28: 0 | F28: 0 | G28: 0 | H28: 0
A29: REGION OF RESIDENCE
A30: Net: England | B30: 0.3167684 | C30: 0.67171672 | D30: 0.65563899 | E30: 0.73259247 | F30: 81.064832 | G30: 0.78370526 | H30: 26
A31: London | B31: 0.094199363 | C31: 0.19975253 | D31: 0.2028566 | E31: 0.22666623 | F31: 18.226975 | G31: 0.17621175 | H31: 6
A32: Rest of England (not London) | B32: 0.22256903 | C32: 0.47196419 | D32: 0.45278239 | E32: 0.50592624 | F32: 62.837858 | G32: 0.60749351 | H32: 20
A33: Net: Scotland | B33: 0.02349715 | C33: 0.0498264 | D33: 0.03132285 | E33: 0.034999267 | F33: 2.1687853 | G33: 0.020967026 | H33: 4
A34: Net: Wales | B34: 0.13131479 | C34: 0.27845688 | D34: 0.20799548 | E34: 0.23240827 | F34: 20.20429 | G34: 0.19532771 | H34: 23
A35: Mid Wales | B35: 0.010207065 | C35: 0.021644382 | D35: 0.020295018 | E35: 0.02267708 | F35: 1.6507444 | G35: 0.015958796 | H35: 3
A36: North Wales | B36: 0.020783014 | C36: 0.044070993 | D36: 0.03431323 | E36: 0.038340634 | F36: 4.6426743 | G36: 0.044883684 | H36: 3
A37: South East Wales | B37: 0.059661066 | C37: 0.12651305 | D37: 0.10410907 | E37: 0.11632853 | F37: 10.386433 | G37: 0.10041225 | H37: 11
A38: South West Wales | B38: 0.033931041 | C38: 0.071951773 | D38: 0.042531702 | E38: 0.047523721 | F38: 2.7708835 | G38: 0.026787892 | H38: 5
A39: DURATION OF TRIP
A40: 1-3 nights | B40: 0.37020899 | C40: 0.78503908 | D40: 0.63867592 | E40: 0.71363842 | F40: 85.694511 | G40: 0.8284633 | H40: 42
A41: 4-7 nights | B41: 0.085033109 | C41: 0.18031521 | D41: 0.23990953 | E41: 0.26806813 | F41: 17.573167 | G41: 0.16989098 | H41: 10
A42: 8+ nights | B42: 0.016338235 | C42: 0.034645709 | D42: 0.01637186 | E42: 0.018293454 | F42: 0.17022981 | G42: 0.0016457198 | H42: 1
A43: Unspecified | B43: 0 | C43: 0 | D43: 0 | E43: 0 | F43: 0 | G43: 0 | H43: 0
A44: ACTIVITIES UNDERTAKEN ON TRIP [m]
A45: Visited friends or relatives | B45: 0.073760417 | C45: 0.15641114 | D45: 0.19973345 | E45: 0.22317651 | F45: 16.169759 | G45: 0.15632334 | H45: 12
A46: Went to a visitor attraction e.g. a historic house, theme park, museum, etc. | B46: 0.070174708 | C46: 0.14880754 | D46: 0.1502232 | E46: 0.16785516 | F46: 15.467328 | G46: 0.14953249 | H46: 6
A47: Took part in outdoor leisure activities and sports (e.g. walking, cycling etc.) | B47: 0.13836669 | C47: 0.29341065 | D47: 0.28902448 | E47: 0.32294778 | F47: 34.133001 | G47: 0.32998542 | H47: 13
A48: Went sightseeing and exploring areas | B48: 0.084224229 | C48: 0.17859996 | D48: 0.16020618 | E48: 0.17900985 | F48: 23.53374 | G48: 0.22751563 | H48: 9
A49: Took part in hobbies and interests | B49: 0.043787549 | C49: 0.092852789 | D49: 0.081646717 | E49: 0.091229733 | F49: 7.3596621 | G49: 0.071150532 | H49: 6
A50: Took part in a health or wellbeing experience (e.g. spa, retreat, gym etc.) | B50: 0.031981542 | C50: 0.067817802 | D50: 0.047722863 | E50: 0.053324178 | F50: 2.2714093 | G50: 0.021959158 | H50: 2
A51: Attended a special event or celebration of personal nature (e.g. wedding, birthday, anniversary etc.) | B51: 0.015643306 | C51: 0.033172092 | D51: 0.031351003 | E51: 0.035030724 | F51: 2.1011795 | G51: 0.020313438 | H51: 1
A52: Attended an organised public event (e.g. exhibition, live sport etc.) | B52: 0.013367843 | C52: 0.028346906 | D52: 0.013395355 | E52: 0.014967591 | F52: 1.4635136 | G52: 0.014148716 | H52: 3
A53: Went to an arts, cultural or entertainment experience (e.g. museum, gallery, cinema etc) | B53: 0.018386049 | C53: 0.038988159 | D53: 0.03409939 | E53: 0.038101694 | F53: 2.1327722 | G53: 0.020618865 | H53: 2
A54: Food and drink, a night out or speciality shopping (i.e. shopping for items that you do not buy regularly e.g. clothes, electronics, jewellery, souvenirs etc.) | B54: 0.077562231 | C54: 0.164473 | D54: 0.17442554 | E54: 0.19489817 | F54: 24.460095 | G54: 0.23647129 | H54: 10
A55: Took part in leisure activities not mentioned above | B55: 0.032160586 | C55: 0.06819747 | D55: 0.048081688 | E55: 0.053725119 | F55: 6.8266848 | G55: 0.065997901 | H55: 2
A56: Didn't take part in any specified activities | B56: 0.14560636 | C56: 0.30876257 | D56: 0.24604863 | E56: 0.27492778 | F56: 37.574438 | G56: 0.36325597 | H56: 19
A57: ACCOMMODATION USED
A58: Net: All serviced accommodation (e.g. hotel or B&B) | B58: 0.37327346 | C58: 0.79153738 | D58: 0.70250505 | E58: 0.78495928 | F58: 94.054108 | G58: 0.90928084 | H58: 39
A59: Net: Self-Catering property rental | B59: 0.038732577 | C59: 0.082133571 | D59: 0.067072991 | E59: 0.074945464 | F59: 6.2507476 | G59: 0.06042995 | H59: 5
A60: Net: Caravan / Camping / Glamping | B60: 0.025662597 | C60: 0.054418294 | D60: 0.046019381 | E60: 0.051420755 | F60: 1.6871616 | G60: 0.016310863 | H60: 3
A61: Net: Someone's private home | B61: 0.0089106849 | C61: 0.01889537 | D61: 0.0089290237 | E61: 0.0099770386 | F61: 0.33108776 | G61: 0.0032008358 | H61: 2
A62: Net: Other Accommodation | B62: 0.025001014 | C62: 0.053015388 | D62: 0.070430872 | E62: 0.078697465 | F62: 1.1148031 | G62: 0.01077751 | H62: 4
A63: Don't know/ Unspecified | B63: 0 | C63: 0 | D63: 0 | E63: 0 | F63: 0 | G63: 0 | H63: 0
A64: TRANSPORT USED FOR TRAVEL TO MAIN DESTINATION [m]
A65: Net: Private motor vehicle | B65: 0.34274819 | C65: 0.72680763 | D65: 0.67030252 | E65: 0.74897708 | F65: 91.442174 | G65: 0.88402962 | H65: 38
A66: Net: Train, underground train, tram | B66: 0.106206 | C66: 0.22521295 | D66: 0.21302656 | E66: 0.23802985 | F66: 10.556766 | G66: 0.10205896 | H66: 9
A67: Net: Bus/Coach/taxi | B67: 0.03376948 | C67: 0.071609177 | D67: 0.049693894 | E67: 0.055526552 | F67: 6.0931794 | G67: 0.058906638 | H67: 3
A68: Net: Walk, Bicycle | B68: 0.040823028 | C68: 0.086566435 | D68: 0.056582546 | E68: 0.063223737 | F68: 2.4003955 | G68: 0.023206149 | H68: 5
A69: Net: Water or air transport | B69: 0.090872591 | C69: 0.19269801 | D69: 0.15601739 | E69: 0.17432942 | F69: 9.4227026 | G69: 0.091095255 | H69: 9
A70: Net: Other | B70: 0.024679732 | C70: 0.0523341 | D70: 0.040481302 | E70: 0.045232663 | F70: 1.7684189 | G70: 0.01709643 | H70: 3
A71: TRIP PART OF PACKAGE
A72: Yes, part of package | B72: 0.1778511 | C72: 0.37713849 | D72: 0.33194205 | E72: 0.37090266 | F72: 27.931069 | G72: 0.27002739 | H72: 16
A73: No, not part of package | B73: 0.28841605 | C73: 0.61159474 | D73: 0.55236702 | E73: 0.61719929 | F73: 74.824011 | G73: 0.72337127 | H73: 36
A74: Don't know/Unspecified | B74: 0.0053131847 | C74: 0.011266765 | D74: 0.010648239 | E74: 0.011898041 | F74: 0.68282854 | G74: 0.0066013375 | H74: 1
A75: BOOKING TIME PERIOD
A76: More than 6 months before | B76: 0.015496538 | C76: 0.032860865 | D76: 0.025595377 | E76: 0.028599551 | F76: 1.0496786 | G76: 0.010147911 | H76: 2
A77: 4-6 months before | B77: 0.059577582 | C77: 0.12633602 | D77: 0.16684369 | E77: 0.18642642 | F77: 28.332939 | G77: 0.27391253 | H77: 5
A78: 2-3 months before | B78: 0.12362854 | C78: 0.26215797 | D78: 0.25202609 | E78: 0.28160683 | F78: 12.825605 | G78: 0.12399327 | H78: 10
A79: About a month before | B79: 0.078604497 | C79: 0.16668315 | D79: 0.15652416 | E79: 0.17489568 | F79: 12.878626 | G79: 0.12450586 | H79: 9
A80: 2-3 weeks before | B80: 0.067663511 | C80: 0.14348247 | D80: 0.10307419 | E80: 0.11517218 | F80: 13.157635 | G80: 0.12720322 | H80: 8
A81: A week or less | B81: 0.11300233 | C81: 0.23962478 | D81: 0.17255217 | E81: 0.19280491 | F81: 33.831336 | G81: 0.32706903 | H81: 16
A82: Did not make accommodation bookings/ Don't know | B82: 0 | C82: 0 | D82: 0 | E82: 0 | F82: 0 | G82: 0 | H82: 0
A83: Don't know | B83: 0 | C83: 0 | D83: 0 | E83: 0 | F83: 0 | G83: 0 | H83: 0
A84: Did not go on a package trip or trip that required booking | B84: 0.013607328 | C84: 0.028854741 | D84: 0.018341643 | E84: 0.020494433 | F84: 1.3620882 | G84: 0.013168172 | H84: 3
A85: HOW BOOKED [m]
A86: Traditional travel agent (e.g. TUI, Trailfinders) | B86: 0.02060604 | C86: 0.043695715 | D86: 0.034135893 | E86: 0.038142481 | F86: 4.8466991 | G86: 0.04685612 | H86: 3
A87: A travel website (e.g. Expedia, Booking.com, Lastminute.com, TripAdvisor) | B87: 0.15576464 | C87: 0.33030351 | D87: 0.33626436 | E87: 0.37573229 | F87: 42.857721 | G87: 0.41433283 | H87: 16
A88: A tour operator or travel company (e.g. Haven, English Country Cottages, Superbreak) | B88: 0.049066265 | C88: 0.10404646 | D88: 0.13194221 | E88: 0.1474285 | F88: 14.489701 | G88: 0.14008115 | H88: 5
A89: A transport provider (e.g. Virgin Trains, British Airways, National Express) | B89: 0.092784944 | C89: 0.19675321 | D89: 0.19663437 | E89: 0.21971368 | F89: 17.352967 | G89: 0.16776216 | H89: 7
A90: A hotel or other accommodation provider directly (e.g. hotel company, B& B owner, cottage owner) | B90: 0.062033573 | C90: 0.13154402 | D90: 0.11608646 | E90: 0.12971173 | F90: 15.101093 | G90: 0.14599186 | H90: 10
A91: An accommodation sharing website (e.g. Airbnb) | B91: 0.064620306 | C91: 0.13702926 | D91: 0.10421415 | E91: 0.11644595 | F91: 9.5273529 | G91: 0.092106976 | H91: 5
A92: A corporate/business travel organiser | B92: 0.05524767 | C92: 0.11715431 | D92: 0.14158768 | E92: 0.15820607 | F92: 19.779316 | G92: 0.19121922 | H92: 7
A93: A tourist information centre or tourist board office | B93: 0.013459743 | C93: 0.028541782 | D93: 0.026974888 | E93: 0.030140977 | F93: 4.3007074 | G93: 0.041577672 | H93: 1
A94: Other/Don’t know | B94: 0.050759025 | C94: 0.10763601 | D94: 0.064271396 | E94: 0.071815041 | F94: 7.2517395 | G94: 0.070107175 | H94: 5
A95: Didn't make a booking/ not applicable | B95: 0.013607328 | C95: 0.028854741 | D95: 0.018341643 | E95: 0.020494433 | F95: 1.3620882 | G95: 0.013168172 | H95: 3
A96: NUMBER OF PLACES STAYED OVERNIGHT INCLUDING MAIN DESTINATION
A97: One | B97: 0.31831526 | C97: 0.67499689 | D97: 0.62978998 | E97: 0.70370951 | F97: 87.675388 | G97: 0.84761371 | H97: 38
A98: Two or three | B98: 0.092886885 | C98: 0.19696938 | D98: 0.15928648 | E98: 0.17798221 | F98: 14.076511 | G98: 0.13608658 | H98: 10
A99: Four or more | B99: 0.060378191 | C99: 0.12803373 | D99: 0.10588086 | E99: 0.11830828 | F99: 1.6860085 | G99: 0.016299716 | H99: 5
A100: Unspecified | B100: 0 | C100: 0 | D100: 0 | E100: 0 | F100: 0 | G100: 0 | H100: 0
...

Sheet Miscellaneous Trips
A1: Wales Overnight Miscellaneous Trips by GB Residents
A2: This worksheet contains one table. Base sizes are provided and refer to the number of reported trips for each estimate. Some of the base sizes for these estimates are low. Where the base size is below 30, users are advised not to use this estimate.
A3: Where the base size is between 30 and 100 users are advised to treat this estimate as indicative only.
A4: Low base sizes are colour coded in the tables. Some shorthand sybmols are used in this table. For guidance on colour coding and definitions of shorthand symbols, please see the table guide.
A5: January to December 2022 | B5: Trips (millions) | C5: % Total Trips | D5: Nights (millions) | E5: % Total Nights | F5: Spend (£millions) | G5: % Total Spend | H5: Base Size
A6: TOTAL MISCELLANEOUS TRIPS | B6: 1.692259 | C6: 1 | D6: 3.8953064 | E6: 1 | F6: 352.79162 | G6: 1 | H6: 211
A7: DETAILED PURPOSE OF MISCELLANEOUS TRIPS
A8: Net: Overnight stay in UK as part of overseas trips (e.g. staying at an airport hotel prior to flying abroad) | B8: 0.44858961 | C8: 0.2650833 | D8: 0.74592046 | E8: 0.19149211 | F8: 78.446486 | G8: 0.22235927 | H8: 44
A9: Net: Trip taken in the UK for personal event/celebration, public event, educational, medical, religious or other reason | B9: 1.2436694 | C9: 0.7349167 | D9: 3.149386 | E9: 0.80850789 | F9: 274.34514 | G9: 0.77764073 | H9: 167
A10: Personal event or celebration e.g., birthday, wedding, anniversary | B10: 0.5260202 | C10: 0.31083906 | D10: 1.4398749 | E10: 0.36964354 | F10: 113.54632 | G10: 0.32185095 | H10: 74
A11: Public event e.g. concert, festival, sporting event | B11: 0.29329133 | C11: 0.1733135 | D11: 0.45468284 | E11: 0.11672582 | F11: 65.939394 | G11: 0.18690748 | H11: 40
A12: Unspecified | B12: 0 | C12: 0 | D12: 0 | E12: 0 | F12: 0 | G12: 0 | H12: 0
A13: QUARTER TRIP TAKEN
A14: January to March | B14: 0.26831144 | C14: 0.15855223 | D14: 0.3635742 | E14: 0.093336484 | F14: 49.538741 | G14: 0.14041927 | H14: 49
A15: April to June | B15: 0.40458358 | C15: 0.23907899 | D15: 0.9410018 | E15: 0.24157324 | F15: 78.175692 | G15: 0.22159169 | H15: 62
A16: July to September | B16: 0.5604427 | C16: 0.33118021 | D16: 1.5410201 | E16: 0.39560946 | F16: 106.35094 | G16: 0.30145541 | H16: 52
A17: October to December | B17: 0.45892131 | C17: 0.27118857 | D17: 1.0497104 | E17: 0.26948082 | F17: 118.72625 | G17: 0.33653363 | H17: 48
A18: REGION VISITED OVERNIGHT [m]
A19: Mid Wales | B19: 0.095842907 | C19: 0.056636074 | D19: 0.42261209 | E19: 0.10849264 | F19: 12.789421 | G19: 0.036252055 | H19: 11
A20: North Wales | B20: 0.38674096 | C20: 0.22853532 | D20: 1.1566155 | E20: 0.29692543 | F20: 94.506765 | G20: 0.26788268 | H20: 41
A21: South East Wales | B21: 0.80268444 | C21: 0.47432717 | D21: 1.3933254 | E21: 0.3576934 | F21: 145.38418 | G21: 0.41209648 | H21: 110
A22: South West Wales | B22: 0.39793626 | C22: 0.23515091 | D22: 0.86161181 | E22: 0.22119231 | F22: 93.406063 | G22: 0.2647627 | H22: 47
A23: Other Wales | B23: 0.031462542 | C23: 0.018592037 | D23: 0.061141592 | E23: 0.015696221 | F23: 6.7051879 | G23: 0.019006086 | H23: 4
A24: LOCATION TYPE OF MAIN PLACE VISITED OVERNIGHT
A25: Seaside or other coastal | B25: 0.20873074 | C25: 0.12334444 | D25: 0.59701101 | E25: 0.1532642 | F25: 23.114929 | G25: 0.065520063 | H25: 19
A26: City/ large town | B26: 0.79268323 | C26: 0.4684172 | D26: 1.6607466 | E26: 0.42634556 | F26: 188.5333 | G26: 0.53440413 | H26: 102
A27: Small town | B27: 0.3250879 | C27: 0.19210292 | D27: 0.99442852 | E27: 0.25528891 | F27: 76.553574 | G27: 0.21699374 | H27: 43
A28: Countryside/ village | B28: 0.35829785 | C28: 0.21172755 | D28: 0.62069628 | E28: 0.15934466 | F28: 63.763277 | G28: 0.1807392 | H28: 46
A29: Other/unspecified | B29: 0.007459313 | C29: 0.0044079026 | D29: 0.022423994 | E29: 0.0057566701 | F29: 0.82654341 | G29: 0.0023428658 | H29: 1
A30: REGION OF RESIDENCE
A31: Net: England | B31: 1.1028524 | C31: 0.65170422 | D31: 2.9510407 | E31: 0.75758885 | F31: 257.4567 | G31: 0.72976988 | H31: 86
A32: London | B32: 0.26447866 | C32: 0.15628734 | D32: 0.70530454 | E32: 0.18106523 | F32: 78.822239 | G32: 0.22342435 | H32: 19
A33: Rest of England (not London) | B33: 0.83837369 | C33: 0.49541688 | D33: 2.2457362 | E33: 0.57652362 | F33: 178.63446 | G33: 0.50634553 | H33: 67
A34: Net: Scotland | B34: 0.041809668 | C34: 0.024706423 | D34: 0.092004051 | E34: 0.023619208 | F34: 10.164541 | G34: 0.028811741 | H34: 7
A35: Net: Wales | B35: 0.54759701 | C35: 0.32358936 | D35: 0.85226167 | E35: 0.21879195 | F35: 85.170383 | G35: 0.24141838 | H35: 118
A36: Mid Wales | B36: 0.025415323 | C36: 0.015018577 | D36: 0.06913903 | E36: 0.017749317 | F36: 4.4869098 | G36: 0.0127183 | H36: 5
A37: North Wales | B37: 0.098933173 | C37: 0.058462193 | D37: 0.16406411 | E37: 0.042118409 | F37: 9.3783914 | G37: 0.026583373 | H37: 21
A38: South East Wales | B38: 0.29720414 | C38: 0.17562568 | D38: 0.4588864 | E38: 0.11780496 | F38: 44.201804 | G38: 0.12529153 | H38: 64
A39: South West Wales | B39: 0.11931177 | C39: 0.070504438 | D39: 0.15342567 | E39: 0.039387318 | F39: 25.021207 | G39: 0.070923472 | H39: 27
A40: DURATION OF TRIP
A41: 1-3 nights | B41: 1.2583418 | C41: 0.74358702 | D41: 1.8959345 | E41: 0.48672282 | F41: 238.81185 | G41: 0.67692041 | H41: 174
A42: 4-7 nights | B42: 0.3101874 | C42: 0.18329783 | D42: 0.84769021 | E42: 0.21761836 | F42: 79.268146 | G42: 0.22468829 | H42: 26
A43: 8+ nights | B43: 0.12372978 | C43: 0.073115155 | D43: 1.1516817 | E43: 0.29565881 | F43: 34.711627 | G43: 0.098391303 | H43: 11
A44: Unspecified | B44: 0 | C44: 0 | D44: 0 | E44: 0 | F44: 0 | G44: 0 | H44: 0
A45: ACTIVITIES UNDERTAKEN ON TRIP [m]
A46: Visited friends or relatives | B46: 0.3186775 | C46: 0.18831485 | D46: 1.0505337 | E46: 0.26969219 | F46: 66.980375 | G46: 0.18985818 | H46: 37
A47: Went to a visitor attraction e.g. a historic house, theme park, museum, etc. | B47: 0.12819952 | C47: 0.07575644 | D47: 0.29187151 | E47: 0.074929024 | F47: 41.274992 | G47: 0.11699538 | H47: 19
A48: Took part in outdoor leisure activities and sports (e.g. walking, cycling etc.) | B48: 0.22826182 | C48: 0.13488586 | D48: 0.46693423 | E48: 0.11987099 | F48: 55.193141 | G48: 0.15644686 | H48: 28
A49: Went sightseeing and exploring areas | B49: 0.32200356 | C49: 0.1902803 | D49: 0.93366174 | E49: 0.23968891 | F49: 109.94124 | G49: 0.31163223 | H49: 39
A50: Took part in hobbies and interests | B50: 0.148214 | C50: 0.087583516 | D50: 0.33873219 | E50: 0.086959062 | F50: 38.85939 | G50: 0.11014828 | H50: 22
A51: Took part in a health or wellbeing experience (e.g. spa, retreat, gym etc.) | B51: 0.073482715 | C51: 0.043422853 | D51: 0.2968505 | E51: 0.076207227 | F51: 41.967313 | G51: 0.11895779 | H51: 11
A52: Attended a special event or celebration of personal nature (e.g. wedding, birthday, anniversary etc.) | B52: 0.12227199 | C52: 0.072253706 | D52: 0.27117256 | E52: 0.069615207 | F52: 35.936465 | G52: 0.10186315 | H52: 20
A53: Attended an organised public event (e.g. exhibition, live sport etc.) | B53: 0.21881715 | C53: 0.12930476 | D53: 0.35208743 | E53: 0.090387608 | F53: 50.014203 | G53: 0.14176698 | H53: 31
A54: Went to an arts, cultural or entertainment experience (e.g. museum, gallery, cinema etc) | B54: 0.053185593 | C54: 0.031428754 | D54: 0.13817091 | E54: 0.035471126 | F54: 27.758143 | G54: 0.078681413 | H54: 7
A55: Food and drink, a night out or speciality shopping (i.e. shopping for items that you do not buy regularly e.g. clothes, electronics, jewellery, souvenirs etc.) | B55: 0.3774106 | C55: 0.22302177 | D55: 0.65802629 | E55: 0.16892799 | F55: 90.967759 | G55: 0.25785124 | H55: 60
A56: Took part in leisure activities not mentioned above | B56: 0.094669215 | C56: 0.055942509 | D56: 0.31742176 | E56: 0.081488264 | F56: 20.51354 | G56: 0.058146334 | H56: 12
A57: Didn't take part in any specified activities | B57: 0.13985838 | C57: 0.082645963 | D57: 0.22614894 | E57: 0.058056778 | F57: 22.127275 | G57: 0.062720522 | H57: 17
A58: ACCOMMODATION USED
A59: Net: All serviced accommodation (e.g. hotel or B&B) | B59: 1.0035072 | C59: 0.5929986 | D59: 2.1925463 | E59: 0.56286877 | F59: 245.43393 | G59: 0.69569093 | H59: 132
A60: Net: Self-Catering property rental | B60: 0.15707886 | C60: 0.092821997 | D60: 0.41142546 | E60: 0.10562082 | F60: 46.727977 | G60: 0.13245206 | H60: 17
A61: Net: Caravan / Camping / Glamping | B61: 0.17366401 | C61: 0.1026226 | D61: 0.31227875 | E61: 0.080167955 | F61: 26.531125 | G61: 0.075203386 | H61: 22
A62: Net: Someone's private home | B62: 0.24100201 | C62: 0.14241437 | D62: 0.63949214 | E62: 0.16416992 | F62: 20.056944 | G62: 0.056852097 | H62: 27
A63: Net: Other Accommodation | B63: 0.11084789 | C63: 0.065502911 | D63: 0.33339202 | E63: 0.085588138 | F63: 11.785091 | G63: 0.033405245 | H63: 12
A64: Don't know/ Unspecified | B64: 0.0061590209 | C64: 0.0036395261 | D64: 0.0061716965 | E64: 0.0015843931 | F64: 2.2565564 | G64: 0.0063962868 | H64: 1
A65: TRANSPORT USED FOR TRAVEL TO MAIN DESTINATION [m]
A66: Net: Private motor vehicle | B66: 0.89913976 | C66: 0.53132514 | D66: 1.8425411 | E66: 0.47301571 | F66: 181.83677 | G66: 0.51542258 | H66: 127
A67: Net: Train, underground train, tram | B67: 0.22021627 | C67: 0.13013154 | D67: 0.58390964 | E67: 0.14990082 | F67: 60.948175 | G67: 0.1727597 | H67: 26
A68: Net: Bus/Coach/taxi | B68: 0.20232632 | C68: 0.1195599 | D68: 0.54294873 | E68: 0.13938537 | F68: 47.920769 | G68: 0.13583307 | H68: 21
A69: Net: Walk, Bicycle | B69: 0.045940754 | C69: 0.02714759 | D69: 0.32278685 | E69: 0.082865585 | F69: 3.6349275 | G69: 0.010303327 | H69: 6
A70: Net: Water or air transport | B70: 0.03534725 | C70: 0.020887612 | D70: 0.27901386 | E70: 0.07162822 | F70: 15.926439 | G70: 0.04514404 | H70: 5
A71: Net: Other | B71: 0.029615564 | C71: 0.017500609 | D71: 0.05468398 | E71: 0.014038428 | F71: 2.0829302 | G71: 0.0059041374 | H71: 3
A72: TRIP PART OF PACKAGE
A73: Yes, part of package | B73: 0.43597913 | C73: 0.25763144 | D73: 1.0913577 | E73: 0.28017248 | F73: 119.19099 | G73: 0.33785098 | H73: 44
A74: No, not part of package | B74: 1.2144102 | C74: 0.71762667 | D74: 2.7313089 | E74: 0.70117948 | F74: 229.95469 | G74: 0.65181449 | H74: 162
A75: Don't know/Unspecified | B75: 0.041869677 | C75: 0.024741884 | D75: 0.072639825 | E75: 0.018648039 | F75: 3.6459386 | G75: 0.010334538 | H75: 5
A76: BOOKING TIME PERIOD
A77: More than 6 months before | B77: 0.1165596 | C77: 0.068878107 | D77: 0.45490712 | E77: 0.1167834 | F77: 35.697221 | G77: 0.101185 | H77: 18
A78: 4-6 months before | B78: 0.15983519 | C78: 0.094450785 | D78: 0.45653891 | E78: 0.11720231 | F78: 36.001078 | G78: 0.10204629 | H78: 19
A79: 2-3 months before | B79: 0.19913707 | C79: 0.11767529 | D79: 0.40718781 | E79: 0.10453293 | F79: 51.458618 | G79: 0.14586122 | H79: 29
A80: About a month before | B80: 0.224553 | C80: 0.13269423 | D80: 0.57249097 | E80: 0.14696943 | F80: 73.650511 | G80: 0.20876491 | H80: 29
A81: 2-3 weeks before | B81: 0.073639316 | C81: 0.043515393 | D81: 0.10716395 | E81: 0.027511045 | F81: 17.062852 | G81: 0.048365243 | H81: 12
A82: A week or less | B82: 0.19950109 | C82: 0.1178904 | D82: 0.3758505 | E82: 0.096488045 | F82: 39.082045 | G82: 0.1107794 | H82: 29
A83: Did not make accommodation bookings/ Don't know | B83: 0.0078768378 | C83: 0.0046546289 | D83: 0.021457265 | E83: 0.0055084922 | F83: 0.15087483 | G83: 0.0004276599 | H83: 2
A84: Don't know | B84: 0.0186176 | C84: 0.011001625 | D84: 0.026897236 | E84: 0.0069050374 | F84: 1.9900343 | G84: 0.0056408207 | H84: 3
A85: Did not go on a package trip or trip that required booking | B85: 0.69253932 | C85: 0.40923955 | D85: 1.4728127 | E85: 0.37809931 | F85: 97.698387 | G85: 0.27692944 | H85: 70
A86: HOW BOOKED [m]
A87: Traditional travel agent (e.g. TUI, Trailfinders) | B87: 0.080860049 | C87: 0.047782312 | D87: 0.30784188 | E87: 0.079028925 | F87: 13.05316 | G87: 0.03699963 | H87: 7
A88: A travel website (e.g. Expedia, Booking.com, Lastminute.com, TripAdvisor) | B88: 0.27268889 | C88: 0.16113898 | D88: 0.38097239 | E88: 0.097802931 | F88: 54.517817 | G88: 0.15453263 | H88: 41
A89: A tour operator or travel company (e.g. Haven, English Country Cottages, Superbreak) | B89: 0.048789568 | C89: 0.028831028 | D89: 0.12125385 | E89: 0.031128192 | F89: 19.250894 | G89: 0.054567321 | H89: 5
A90: A transport provider (e.g. Virgin Trains, British Airways, National Express) | B90: 0.050830188 | C90: 0.030036884 | D90: 0.35103114 | E90: 0.090116437 | F90: 25.590511 | G90: 0.072537184 | H90: 6
A91: A hotel or other accommodation provider directly (e.g. hotel company, B& B owner, cottage owner) | B91: 0.29495839 | C91: 0.1742986 | D91: 0.63728374 | E91: 0.16360298 | F91: 83.919271 | G91: 0.23787206 | H91: 46
A92: An accommodation sharing website (e.g. Airbnb) | B92: 0.13577178 | C92: 0.080231088 | D92: 0.28112501 | E92: 0.072170191 | F92: 45.202406 | G92: 0.12812778 | H92: 16
A93: A corporate/business travel organiser | B93: 0.042089683 | C93: 0.024871891 | D93: 0.06330323 | E93: 0.016251155 | F93: 12.70589 | G93: 0.036015282 | H93: 4
A94: A tourist information centre or tourist board office | B94: 0.012733457 | C94: 0.0075245319 | D94: 0.03238362 | E94: 0.0083134975 | F94: 8.4591495 | G94: 0.023977751 | H94: 2
A95: Other/Don’t know | B95: 0.145872 | C95: 0.086199569 | D95: 0.42367916 | E95: 0.10876658 | F95: 27.702246 | G95: 0.078522971 | H95: 21
A96: Didn't make a booking/ not applicable | B96: 0.70041616 | C96: 0.41389418 | D96: 1.4942699 | E96: 0.3836078 | F96: 97.849262 | G96: 0.2773571 | H96: 72
A97: NUMBER OF PLACES STAYED OVERNIGHT INCLUDING MAIN DESTINATION
A98: One | B98: 1.3189898 | C98: 0.77942547 | D98: 3.3136722 | E98: 0.85068333 | F98: 274.82676 | G98: 0.7790059 | H98: 172
A99: Two or three | B99: 0.21579278 | C99: 0.12751758 | D99: 0.34116894 | E99: 0.087584622 | F99: 63.741598 | G99: 0.18067775 | H99: 27
A100: Four or more | B100: 0.15747646 | C100: 0.093056946 | D100: 0.24046525 | E100: 0.06173205 | F100: 14.223269 | G100: 0.040316346 | H100: 12
...

Sheet Hyperlink
A2: Total trips | B2: Holiday Trips | C2: Visit Friends or Relatives | D2: Business Trips | E2: Miscellaneous Trips
A4: A6 | B4: A6 | C4: A6 | D4: A6 | E4: A6 | F4: TOTAL TRIPS
A5: A26 | B5: A10 | C5: A12 | D5: A12 | E5: A13 | F5: QUARTER TRIP TAKEN
A6: A31 | B6: A15 | C6: A17 | D6: A17 | E6: A18 | F6: REGION VISITED OVERNIGHT [m]
A7: A37 | B7: A21 | C7: A23 | D7: A23 | E7: A24 | F7: LOCATION TYPE OF MAIN PLACE VISITED OVERNIGHT
A8: A43 | B8: A27 | C8: A29 | D8: A29 | E8: A30 | F8: REGION OF RESIDENCE
A9: A53 | B9: A37 | C9: A39 | D9: A39 | E9: A40 | F9: DURATION OF TRIP
A10: A58 | B10: A42 | C10: A44 | D10: A44 | E10: A45 | F10: ACTIVITIES UNDERTAKEN ON TRIP [m]
A11: A71 | B11: A55 | C11: A56 | D11: A57 | E11: A58 | F11: ACCOMMODATION USED
A12: A78 | B12: A62 | C12: A63 | D12: A64 | E12: A65 | F12: TRANSPORT USED FOR TRAVEL TO MAIN DESTINATION [m]
A13: A85 | B13: A69 | C13: A70 | D13: A71 | E13: A72 | F13: TRIP PART OF PACKAGE
A14: A89 | B14: A73 | C14: A74 | D14: A75 | E14: A76 | F14: BOOKING TIME PERIOD
A15: A99 | B15: A83 | C15: A84 | D15: A85 | E15: A86 | F15: HOW BOOKED [m]
... A30: A195 | B30: A179 | C30: A180 | D30: A181 | E30: A182 | F30: CAR OWNERSHIP

Sheet Input Sheet
A1: BE
A2: TB | B2: Table OTVOLWAL
A3: VT | B3: Wales Volume x Visit Type
A4: BT | B4: Base: All Wales trips where EOT_1=1 and the trip is in the period being reported on
A5: CH | C5: 2022
A6: CL | C6: All Holidays | D6: Pure Holidays | E6: Visit Friends and Relatives | F6: Business | G6: Miscellaneous
A7: RU | B7: Unweighted Total | C7: 1009 | D7: 432 | E7: 313 | F7: 53 | G7: 211
A8: BL
A9: RT | B9: Total WAL | C9: 8652591 | D9: 3935656 | E9: 2553095.6 | F9: 471580.33 | G9: 1692259
A10: RH | B10: All Holiday Trips
A11: BL
A12: RW | B12: Pure Holidays | C12: 3935656 | D12: 3935656 | E12: 0 | F12: 0 | G12: 0
A13: RW | B13: Holidays 1 - 3 nights | C13: 2346917.5 | D13: 2346917.5 | E13: 0 | F13: 0 | G13: 0
A14: RW | B14: Holidays 4+ nights | C14: 1588738.6 | D14: 1588738.6 | E14: 0 | F14: 0 | G14: 0
A15: RW | B15: All VFR Trips | C15: 2553095.6 | D15: 0 | E15: 2553095.6 | F15: 0 | G15: 0
A16: RW | B16: VFR Holiday | C16: 762410.92 | D16: 0 | E16: 762410.92 | F16: 0 | G16: 0
A17: RW | B17: VFR Special Event | C17: 971075.88 | D17: 0 | E17: 971075.88 | F17: 0 | G17: 0
A18: RW | B18: VFR Other | C18: 819608.8 | D18: 0 | E18: 819608.8 | F18: 0 | G18: 0
A19: RW | B19: Unspecified | C19: 0 | D19: 0 | E19: 0 | F19: 0 | G19: 0
A20: RW | B20: ALL BUSINESS TRIPS | C20: 471580.33 | D20: 0 | E20: 0 | F20: 471580.33 | G20: 0
A21: RW | B21: Net: MICE | C21: 151629.09 | D21: 0 | E21: 0 | F21: 151629.09 | G21: 0
A22: RW | B22: Net: Meetings of any Size | C22: 245955.31 | D22: 0 | E22: 0 | F22: 245955.31 | G22: 0
A23: RW | B23: Net: Other Business | C23: 94164.208 | D23: 0 | E23: 0 | F23: 94164.208 | G23: 0
... A51: RW | B51: Net: Conference/ Exhibition/ Educational/Medical/Pilgrimage | C51: 190199.71 | D51: 0 | E51: 0 | F51: 0 | G51: 190199.71
A52: RH | B52: MONTH TRIP TAKEN
A53: BL
A54: RW | B54: January | C54: 638274.7 | D54: 136209.11 | E54: 344937.97 | F54: 60359.309 | G54: 96768.315
A55: RW | B55: February | C55: 478559.19 | D55: 191944.75 | E55: 177801.73 | F55: 15053.151 | G55: 93759.562
A56: RW | B56: March | C56: 611430.32 | D56: 296844.46 | E56: 230668.32 | F56: 6133.9834 | G56: 77783.566
A57: RW | B57: April | C57: 575756.08 | D57: 273010.98 | E57: 170277.62 | F57: 47968.599 | G57: 84498.886
A58: RW | B58: May | C58: 800894.94 | D58: 446328.38 | E58: 158970.08 | F58: 18719.319 | G58: 176877.17
A59: RW | B59: June | C59: 709738.55 | D59: 309823.19 | E59: 206297.73 | F59: 50410.099 | G59: 143207.53
A60: RW | B60: July | C60: 991364.82 | D60: 500029.7 | E60: 247880.46 | F60: 25675.256 | G60: 217779.41
A61: RW | B61: August | C61: 892575.68 | D61: 539138.79 | E61: 200987.09 | F61: 25897.982 | G61: 126551.82
A62: RW | B62: September | C62: 840190.44 | D62: 384804.17 | E62: 185047.64 | F62: 54227.152 | G62: 216111.47
A63: RW | B63: October | C63: 918661.22 | D63: 462499.26 | E63: 174058.09 | F63: 77899.849 | G63: 204204.02
A64: RW | B64: November | C64: 517109.78 | D64: 242045.61 | E64: 107216.61 | F64: 53838.973 | G64: 114008.58
A65: RW | B65: December | C65: 678035.28 | D65: 152977.65 | E65: 348952.26 | F65: 35396.664 | G65: 140708.71
A66: RH | B66: QUARTER TRIP TAKEN
A67: BL
A68: RW | B68: January to March | C68: 1728264.2 | D68: 624998.31 | E68: 753408.02 | F68: 81546.443 | G68: 268311.44
A69: RW | B69: April to June | C69: 2086389.6 | D69: 1029162.5 | E69: 535545.43 | F69: 117098.02 | G69: 404583.58
A70: RW | B70: July to September | C70: 2724130.9 | D70: 1423972.7 | E70: 633915.19 | F70: 105800.39 | G70: 560442.7
A71: RW | B71: October to December | C71: 2113806.3 | D71: 857522.52 | E71: 630226.96 | F71: 167135.49 | G71: 458921.31
A72: RH | B72: REGION OF PLACE VISITED
A73: BL
A74: RW | B74: Net England | C74: 1156626 | D74: 445021.67 | E74: 264576.99 | F74: 116928.72 | G74: 330098.65
A75: RW | B75: East of England | C75: 120374.98 | D75: 50956.078 | E75: 42388.915 | F75: 4971.4435 | G75: 22058.547
A76: RW | B76: East Midlands | C76: 144857.43 | D76: 43887.197 | E76: 42091.622 | F76: 29160.011 | G76: 29718.604
A77: RW | B77: London | C77: 218076.4 | D77: 71698.397 | E77: 24675.721 | F77: 33956.725 | G77: 87745.561
A78: RW | B78: North West | C78: 256654.91 | D78: 109495.46 | E78: 24544.399 | F78: 50471.039 | G78: 72144.009
A79: RW | B79: North East | C79: 108967.65 | D79: 69975.088 | E79: 15718.428 | F79: 0 | G79: 23274.132
A80: RW | B80: South East | C80: 115786.55 | D80: 23990.399 | E80: 19033.726 | F80: 12821.776 | G80: 59940.649
A81: RW | B81: South West | C81: 272352.95 | D81: 63193.114 | E81: 105953.73 | F81: 30830.851 | G81: 72375.257
A82: RW | B82: Yorkshire and The Humber | C82: 223023.45 | D82: 57224.177 | E82: 54111.809 | F82: 27916.844 | G82: 83770.624
A83: RW | B83: West Midlands | C83: 200012.62 | D83: 67329.984 | E83: 55892.557 | F83: 19080.978 | G83: 57709.106
A84: RW | B84: Rest of England (not London) | C84: 1056058.4 | D84: 422096.99 | E84: 260476.66 | F84: 82971.999 | G84: 290512.78
A85: RW | B85: National Parks England | C85: 0 | D85: 0 | E85: 0 | F85: 0 | G85: 0
... A101: RW | B101: Northern Ireland | C101: 13380.369 | D101: 0 | E101: 0 | F101: 13380.369 | G101: 0
A102: RH | B102: LOCATION TYPE OF MAIN PLACE VISITED
A103: BL
A104: RW | B104: Seaside or other coastal | C104: 1752678.9 | D104: 1237160.9 | E104: 258560.21 | F104: 48226.991 | G104: 208730.74
A105: RW | B105: Large city/ large town | C105: 2492168.1 | D105: 677611.83 | E105: 815007.56 | F105: 206865.49 | G105: 792683.23
A106: RW | B106: Small town | C106: 2079770.5 | D106: 736839.4 | E106: 864329.37 | F106: 153513.83 | G106: 325087.9
A107: RW | B107: Countryside/ village | C107: 2173004 | D107: 1159188.2 | E107: 592543.9 | F107: 62974.026 | G107: 358297.85
A108: RW | B108: Others/Unspecified | C108: 154969.55 | D108: 124855.68 | E108: 22654.556 | F108: 0 | G108: 7459.313
A109: RH | B109: Home Nation
A110: BL
A111: RW | B111: England | C111: 5751011.4 | D111: 2640343.9 | E111: 1691046.8 | F111: 316768.4 | G111: 1102852.4
A112: RW | B112: Scotland | C112: 313476.25 | D112: 129894.63 | E112: 118274.8 | F112: 23497.15 | G112: 41809.668
A113: RW | B113: Wales | C113: 2588103.3 | D113: 1165417.5 | E113: 743774.04 | F113: 131314.79 | G113: 547597.01
A114: RH | B114: HOME REGION
A115: BL
A116: RW | B116: Net England | C116: 5751011.4 | D116: 2640343.9 | E116: 1691046.8 | F116: 316768.4 | G116: 1102852.4
A117: RW | B117: East of England | C117: 239297.7 | D117: 72985.113 | E117: 98401.07 | F117: 3971.1377 | G117: 63940.375
A118: RW | B118: East Midlands | C118: 344961.24 | D118: 157645.8 | E118: 112944.83 | F118: 29495.653 | G118: 44874.953
A119: RW | B119: London | C119: 937893.79 | D119: 293973.2 | E119: 285242.57 | F119: 94199.363 | G119: 264478.66
A120: RW | B120: North West England | C120: 1236558.5 | D120: 742909.73 | E120: 240940.15 | F120: 66928.903 | G120: 185779.75
A121: RW | B121: North East England | C121: 83266.283 | D121: 13459.743 | E121: 69806.54 | F121: 0 | G121: 0
A122: RW | B122: South East England | C122: 638581.98 | D122: 283861.37 | E122: 150507.42 | F122: 59476.409 | G122: 144736.79
A123: RW | B123: South West England | C123: 544041.6 | D123: 179529.52 | E123: 222815.7 | F123: 19415.253 | G123: 122281.14
A124: RW | B124: Yorkshire & the Humber | C124: 418068.61 | D124: 186242.32 | E124: 185380.5 | F124: 0 | G124: 46445.787
A125: RW | B125: West Midlands | C125: 1308341.7 | D125: 709737.14 | E125: 325007.98 | F125: 43281.677 | G125: 230314.9
A126: RW | B126: National Park England | C126: 0 | D126: 0 | E126: 0 | F126: 0 | G126: 0
A127: RW | B127: Rest of England (Not London) | C127: 4813117.6 | D127: 2346370.7 | E127: 1405804.2 | F127: 222569.03 | G127: 838373.69
... A139: RW | B139: National Park Wales | C139: 16074.386 | D139: 2609.1801 | E139: 0 | F139: 6732.603 | G139: 6732.603
A140: RH | B140: DURATION OF TRIP
A141: BL
A142: RW | B142: 1-3 Nights | C142: 5925002.7 | D142: 2346917.5 | E142: 1949534.3 | F142: 370208.99 | G142: 1258341.8
A143: RW | B143: 4-7 Nights | C143: 2188585 | D143: 1317409.4 | E143: 475955.13 | F143: 85033.109 | G143: 310187.4
A144: RW | B144: 8+ Nights | C144: 539003.29 | D144: 271329.15 | E144: 127606.12 | F144: 16338.235 | G144: 123729.78
A145: RW | B145: Unspecified | C145: 0 | D145: 0 | E145: 0 | F145: 0 | G145: 0
A146: RH | B146: ACTIVITIES UNDERTAKEN ON TRIP
A147: BL
A148: RW | B148: Visited friends or relatives | C148: 1147205.9 | D148: 754768 | E148: 0 | F148: 73760.417 | G148: 318677.5
A149: RW | B149: Went to a visitor attraction e.g. a historic house, theme park, museum, etc. | C149: 2001537.1 | D149: 1368528.3 | E149: 434634.57 | F149: 70174.708 | G149: 128199.52
A150: RW | B150: Took part in outdoor leisure activities and sports (e.g. walking, cycling etc.) | C150: 2775824.3 | D150: 1650266.3 | E150: 758929.5 | F150: 138366.69 | G150: 228261.82
A151: RW | B151: Went sightseeing and exploring areas | C151: 3247830.2 | D151: 2222049.3 | E151: 619553.1 | F151: 84224.229 | G151: 322003.56
A152: RW | B152: Took part in hobbies and interests | C152: 1166999 | D152: 585587.83 | E152: 389409.68 | F152: 43787.549 | G152: 148214
A153: RW | B153: Took part in a health or wellbeing experience (e.g. spa, retreat, gym etc.) | C153: 332590.61 | D153: 131670.47 | E153: 95455.882 | F153: 31981.542 | G153: 73482.715
...
